 Dungeon Crawl Stone Soup version 0.32-a0-876-gcfddb08e57 (webtiles) character file.

Game seed: 5595129027197588107

2220222 Gadrel the Iron Dragon (level 27, 201/201 HPs)
             Began as a Grey Draconian Summoner on Mar 28, 2024.
             Was the Champion of Wu Jian.
             Escaped with the Orb
             ... and 4 runes on Apr 1, 2024!
             The game lasted 04:49:04 (79039 turns).

Gadrel the Iron Dragon (Grey Draconian Summoner)   Turns: 79039, Time: 04:49:05

Health: 201/201    AC: 27    Str:  8    XL:     27
Magic:  47/48      EV: 23    Int: 27    God:    Wu Jian [******]
Gold:   8120       SH:  0    Dex: 14    Spells: 16/68 levels left

rFire   + . .        a - staff "Socaum" {rPois rN+ rCorr Conj Alchemy}
rCold   + + +        o - sphere of Battle
rNeg    + + +        (body armour unavailable)
rPois   +            j - +2 hat of the Bear Spirit {Spirit, Bear, *Rage Will++}
rElec   +            F - scarf {rC+ rF+}
rCorr   +            x - +2 pair of gloves "Qekhlis" {Slay+5}
SInv    +            Z - +3 pair of mountain boots {steadfast, rC+}
Will    +++++        u - amulet of magic regeneration
Stlth   +            w - ring of Butchery {rElec rN+++ Will+ EV+5 Str-3}
HPRegen 0.53/turn    t - ring "Quoroley" {rC+ Will+ SInv}
MPRegen 0.71/turn

%: random rage (20%), guardian spirit
@: studying 4 skills
A: mud breath, mud-swimmer, AC +18, amphibious, unfitting armour, cold-blooded,
fangs 1, frail 1, wild magic 1
0: Orb of Zot
}: 4/15 runes: decaying, serpentine, slimy, silver
a: Mud Breath, Renounce Religion, Wall Jump, Serpent's Lash, Heavenly Storm


You escaped.
You worshipped Wu Jian.
Wu Jian was exalted by your worship.
You visited 11 branches of the dungeon, and saw 55 of its levels.
You also visited: Trove and Ice Cave.

You collected 10676 gold pieces.
You spent 2556 gold pieces at shops.

Inventory:

Hand Weapons
 b - the +8 autumn katana {manifold assault}
   (You found it on level 2 of the Elven Halls)
Missiles
 f - 13 curare-tipped darts
 p - 9 throwing nets {!d}
 s - 3 darts of dispersal {=f}
Armour
 j - the +2 hat of the Bear Spirit (worn) {Spirit, Bear, *Rage Will++}
   (You found it on level 3 of the Elven Halls)

   Bear:      Going berserk makes the wearer exceptionally tough, and they are
   slowed for a shorter time afterward.
   Will++:    It greatly increases your willpower.
   *Rage:     It berserks you when you make melee attacks (+20% chance).
 o - the sphere of Battle (worn)
   (You acquired it on level 10 of the Dungeon)

   Battle:    It summons a battlesphere in combat, with strength depending on
   Conjurations skill.
   Destructive: It enhances your destructive magic, and weakens non-destructive
   magic.
 r - the Charlatan's Orb {orb Evoboost}
   (You found it on level 5 of the Pits of Slime)

   It massively reduces your stealth.
   It interferes with translocations, delaying teleports.
   Evoboost:  It boosts the power of your evoked items.
 x - the +2 pair of gloves "Qekhlis" (worn) {Slay+5}
   (You found it on level 2 of the Elven Halls)

   Slay+5:    It affects your accuracy & damage with ranged weapons and melee
   (+5).
 F - a scarf of resistance (worn)
   (You found it on level 2 of the Vaults)
 L - the +4 dragonskin cloak {Aegis}
   (You took it off Tiamat on level 3 of the Realm of Zot)

   Avatar's Aegis: It grants the wearer a chance to resist fire, cold, poison,
   electricity, acid, and negative energy.
 Z - the +3 pair of mountain boots (worn) {steadfast, rC+}
   (You found it on level 5 of the Vaults)

   Steadfast: It prevents involuntary movement, except for blinking,
   teleportation, or banishment.
   rC+:       It protects you from cold.
Magical Staves
 a - the staff "Socaum" (weapon) {rPois rN+ rCorr Conj Alchemy}
   (You found it on level 3 of the Crypt)

   [staff of conjuration]

   Base accuracy: +5 Base damage: 5 Base attack delay: 1.2 This weapon's minimum
   attack delay (0.6) is reached at skill level 12.
   rPois:     It protects you from poison.
   rN+:       It protects you from negative energy.
   rCorr:     It protects you from acid and corrosion.
   Conj:      It increases the power of your Conjurations spells.
   Alchemy:   It increases the power of your Alchemy spells.
   It falls into the 'Staves' category.
   It is a one-handed weapon.
 c - the staff of the King {^Fragile rN+ Int+4 Necro Air Alchemy}
   (You found it on level 2 of the Depths)

   [staff of death]

   Base accuracy: +5 Base damage: 5 Base attack delay: 1.2 This weapon's minimum
   attack delay (0.6) is reached at skill level 12.
   Int+4:     It affects your intelligence (+4).
   rN+:       It protects you from negative energy.
   ^Fragile:  It will be destroyed if unequipped.
   Necro:     It increases the power of your Necromancy spells.
   Air:       It increases the power of your Air spells.
   Alchemy:   It increases the power of your Alchemy spells.
   It falls into the 'Staves' category.
   It is a one-handed weapon.
 q - the staff "Ulael" {rF++ rN+ Necro}
   (You found it on level 5 of the Pits of Slime)

   [staff of death]

   Base accuracy: +5 Base damage: 5 Base attack delay: 1.2 This weapon's minimum
   attack delay (0.6) is reached at skill level 12.
   rF++:      It greatly protects you from fire.
   rN+:       It protects you from negative energy.
   Necro:     It increases the power of your Necromancy spells.
   It falls into the 'Staves' category.
   It is a one-handed weapon.
 A - the staff "Gozatuir" {rF+ rC+ MP-9 Hexes Fire Ice}
   (You found it on level 1 of the Elven Halls)

   [staff of fire]

   Base accuracy: +5 Base damage: 5 Base attack delay: 1.2 This weapon's minimum
   attack delay (0.6) is reached at skill level 12.
   rF+:       It protects you from fire.
   rC+:       It protects you from cold.
   MP-9:      It affects your magic capacity (-9).
   Hexes:     It increases the power of your Hexes spells.
   Fire:      It increases the power of your Fire spells.
   Ice:       It increases the power of your Ice spells.
   It falls into the 'Staves' category.
   It is a one-handed weapon.
Jewellery
 t - the ring "Quoroley" (right hand) {rC+ Will+ SInv}
   (You bought it in a shop on level 1 of the Snake Pit)

   [ring of willpower]

   rC+:       It protects you from cold.
   Will+:     It increases your willpower.
   SInv:      It lets you see invisible.
 u - an amulet of magic regeneration (around neck)
   (You found it on level 4 of the Lair of Beasts)
 w - the ring of Butchery (left hand) {rElec rN+++ Will+ EV+5 Str-3}
   (You found it on level 8 of the Dungeon)

   [ring of evasion]

   EV+5:      It affects your evasion (+5).
   Str-3:     It affects your strength (-3).
   rElec:     It insulates you from electricity.
   rN+++:     It renders you almost immune to negative energy.
   Will+:     It increases your willpower.
 W - a ring of willpower
   (You took it off a yellow draconian on level 3 of the Realm of Zot)
Wands
 d - a wand of digging (12)
   (You found it on level 1 of the Snake Pit)
 e - a wand of charming (121)
   (You found it on level 6 of the Dungeon)
 y - a wand of mindburst (47)
   (You found it on level 9 of the Dungeon)
 C - a wand of warping (70)
   (You found it on level 3 of the Lair of Beasts)
 Q - a wand of quicksilver (58)
   (You found it on level 7 of the Dungeon)
Scrolls
 g - 12 scrolls of poison {!r}
 k - a scroll of amnesia
 n - 8 scrolls of fog
 D - 5 scrolls of blinking {!r}
 E - 9 scrolls of fear
 K - 3 scrolls of immolation {!r}
 O - a scroll of silence
 S - 3 scrolls of summoning
 V - 9 scrolls of vulnerability {!r!r}
 X - 5 scrolls of revelation
 Y - 21 scrolls of teleportation {@r3}
Potions
 h - 9 potions of might
 i - 10 potions of enlightenment
 B - 7 potions of brilliance
 G - 8 potions of ambrosia {!q}
 H - 9 potions of haste
 I - 7 potions of invisibility
 J - 18 potions of curing {@q1}
 M - 3 potions of magic
 N - 18 potions of heal wounds {@q2}
 R - 5 potions of resistance
 T - 10 potions of cancellation
 U - 10 potions of mutation {!q}
Miscellaneous
 l - a condenser vane
   (You found it in an ice cave)
 m - a phantom mirror
   (You found it on level 5 of the Vaults)
 v - a lightning rod (4/4)
   (You found it on level 2 of the Crypt)
 z - a box of beasts
   (You found it on level 4 of the Swamp)
 P - a Gell's gravitambourine (2/2)
   (You found it on level 5 of the Vaults)


   Skills:
 - Level 14.0 Fighting
 - Level 12.0 Long Blades
 - Level 6.0 Maces & Flails
 - Level 14.0 Dodging
 - Level 3.0 Stealth
 - Level 21.0 Spellcasting
 + Level 21.3 Conjurations
 - Level 5.0 Hexes
 - Level 10.0 Summonings
 - Level 12.0 Necromancy
 - Level 2.0 Translocations
 + Level 21.3 Fire Magic
 - Level 3.0 Air Magic
 O Level 27 Earth Magic
 - Level 14.0 Alchemy
 - Level 5.0 Evocations


You had 16 spell levels left.
You knew the following spells:

 Your Spells              Type           Power      Damage    Failure   Level
a - Irradiate             Conj/Alch      89%        3d41      1%          5
b - Eringya's Noxious Bo  Alch           70%        4d6       1%          6
d - Shatter               Erth           74%        3d54*     4%          9
e - Fire Storm            Conj/Fire      80%        8d20      30%         9
x - Lehudib's Crystal Sp  Conj/Erth      84%        10d19     1%          8
z - Lee's Rapid Deconstr  Erth           74%        3d33*     1%          5
A - Apportation           Tloc           50%        N/A       1%          1
B - Blink                 Tloc           50%        N/A       1%          2
M - Sublimation of Blood  Necr           57%        N/A       1%          2
Y - Yara's Violent Unrav  Hex/Alch       62%        3d23      1%          5

Your spell library contained the following spells:

 Spells                   Type           Power      Damage    Failure   Level
 Foxfire                  Conj/Fire      100%       2x1d9     1%          1
 Kiss of Death            Conj/Necr      100%       2d13      1%          1
 Necrotise                Necr           100%       1d9       1%          1
 Sandblast                Erth           100%       2d20      1%          1
 Shock                    Conj/Air       100%       1d9       1%          1
 Sting                    Conj/Alch      100%       1d9       1%          1
 Summon Small Mammal      Summ           100%       N/A       1%          1
 Call Imp                 Summ           100%       N/A       1%          2
 Cigotuvi's Dreadful Rot  Necr/Alch/Air  100%       N/A       1%          2
 Ensorcelled Hibernation  Hex/Ice        54%        N/A       1%          2
 Jinxbite                 Hex            70%        N/A       1%          2
 Lesser Beckoning         Tloc           50%        N/A       1%          2
 Mercury Vapours          Alch/Air       100%       N/A       1%          2
 Momentum Strike          Conj/Tloc      100%       3d10      1%          2
 Scorch                   Fire           100%       2d9       1%          2
 Call Canine Familiar     Summ           52%        N/A       1%          3
 Confusing Touch          Hex            35%        N/A       1%          3
 Dazzling Flash           Conj/Hex       100%       N/A       1%          3
 Fugue of the Fallen      Necr           57%        N/A       1%          3
 Inner Flame              Hex/Fire       100%       N/A       1%          3
 Mephitic Cloud           Conj/Alch/Air  100%       N/A       1%          3
 Passwall                 Erth           85%        N/A       1%          3
 Stone Arrow              Conj/Erth      100%       3d13      1%          3
 Tukima's Dance           Hex            35%        N/A       1%          3
 Volatile Blastmotes      Fire/Tloc      100%       2d18      1%          3
 Anguish                  Hex/Necr       24%        N/A       1%          4
 Brom's Barrelling Bould  Conj/Erth      100%       2d11      1%          4
 Dispel Undead            Necr           57%        3d20      1%          4
 Flame Wave               Conj/Fire      100%       2d21      1%          4
 Ignite Poison            Fire/Alch      100%       N/A       1%          4
 Martyr's Knell           Necr/Summ      54%        N/A       1%          4
 Olgreb's Toxic Radiance  Alch           100%       N/A       1%          4
 Petrify                  Alch/Erth      100%       N/A       1%          4
 Summon Blazeheart Golem  Fire/Summ      65%        N/A       1%          4
 Summon Lightning Spire   Summ/Air       41%        N/A       1%          4
 Alistair's Intoxication  Alch           62%        N/A       1%          5
 Arcjolt                  Conj/Air       67%        1d77      1%          5
 Borgnjor's Vile Clutch   Necr/Erth      36%        N/A       1%          5
 Curse of Agony           Necr           57%        N/A       1%          5
 Fireball                 Conj/Fire      80%        3d30      1%          5
 Iskenderun's Battlesphe  Conj           100%       2d15      1%          5
 Bombard                  Conj/Erth      84%        9d13      1%          6
 Starburst                Conj/Fire      80%        6d20      1%          6
 Orb of Destruction       Conj           80%        9d18      1%          7
 Swiftness                Air            28%        N/A       2%          3
 Freezing Cloud           Conj/Ice/Air   59%        6-21      2%          5
 Conjure Ball Lightning   Conj/Air       67%        3x3d25    2%          6
 Plasma Beam              Fire/Air       55%        2x1d71    2%          6
 Ignition                 Fire           68%        3d18      2%          8
 Teleport Other           Tloc           25%        N/A       3%          3
 Cause Fear               Hex            17%        N/A       3%          4
 Summon Mana Viper        Hex/Summ       44%        N/A       3%          5
 Spellforged Servitor     Conj/Summ      73%        N/A       3%          7
 Summon Forest            Summ/Tloc      19%        N/A       5%          5
 Summon Cactus Giant      Summ           26%        N/A       6%          6
 Ozocubu's Armour         Ice            18%        N/A       7%          3
 Airstrike                Air            36%        2d(6-22)  7%          4
 Vhi's Electric Charge    Tloc/Air       54%        N/A       8%          4
 Maxwell's Portable Pile  Tloc           25%        2d(9-17)  10%         4
 Passage of Golubria      Tloc           25%        N/A       10%         4
 Silence                  Hex/Air        16%        N/A       12%         5
 Metabolic Englaciation   Hex/Ice        13%        N/A       21%         5
 Monstrous Menagerie      Summ           26%        N/A       26%         7
 Enfeeble                 Hex            17%        N/A       88%         7
 Manifold Assault         Tloc           12%        N/A       99%         7
 Ozocubu's Refrigeration  Ice            26%        4d13      100%        7
 Discord                  Hex            17%        N/A       100%        8
 Maxwell's Capacitive Co  Air            36%        ∞         100%        8
 Chain Lightning          Conj/Air       67%        3d90      100%        9
 Animate Armour           Summ/Erth      Unusable   N/A       N/A         4

Dungeon Overview and Level Annotations

Branches:
Dungeon (15/15)            Temple (0/1) D:6            Lair (5/5) D:10
  Swamp (4/4) Lair:2        Snake (4/4) Lair:3        Slime (5/5) Lair:5
    Orc (2/2) D:9             Elf (3/3) Orc:2        Vaults (5/5) D:13
  Crypt (3/3) Vaults:3       Tomb (0/3) Crypt:3      Depths (4/4) D:15
    Zot (5/5) Depths:4      IceCv (visited)

Altars:
Hepliaklqana
Kikubaaqudgha
Makhleb
Okawaru
Qazlal
Sif Muna
Trog
Uskayaw
Vehumet
Wu Jian
Xom
Yredelemnul
The Shining One
Beogh
Jiyva

Shops:
D:6 (   D:15 :   Orc:2 ![:!(   Elf:1 *   Elf:3 !((*!   Snake:1 =:=

Portals:
Hell: Depths:1 Depths:2 Depths:3 Depths:4
Abyss: Depths:3
Pandemonium: Depths:2 Depths:3
Ziggurat: Depths:4

Annotations:
Zot:3 3 runed translucent doors


Innate Abilities, Weirdness & Mutations

You can breathe torrents of mud.
You are unimpeded by mud.
Your dull iron-grey scales are very hard. (AC +18)
You are amphibious.
You cannot fit into any form of body armour.
You are cold-blooded and may be slowed by cold attacks.
You have very sharp teeth.
You are frail. (-10% HP)
Your spells are a little harder to cast, but a little more powerful.


Message History

What level of the Dungeon? (default 1, ? - help)
An Orb Guardian comes into view.
You conjure a globe of magical energy.
You feel a surge of power!
The dungeon rumbles!
A door shatters! x2
Ka-crash!
Your battlesphere fires!
The barrage of energy hits the Orb Guardian.
You now have 34/48 mp.
Press: ? - help, v - describe, . - travel The floor.
This square is covered in magical glow.
Press: ? - help, Shift-Dir - straight line, f - Orb Guardian
Aim: an Orb Guardian (heavily wounded, ally target, 81% to hit)
You feel a strong surge of power!
The crystal spear hits the Orb Guardian!!!
You kill the Orb Guardian!
The Council accepts your kill.
An Executioner comes into view.
You now have 26/48 mp.
You feel a surge of power!
The dungeon rumbles!
You kill the Executioner!
The Council accepts your kill.
Ka-crash!
You now have 18/48 mp.
You feel a numb sensation.
You draw magical energy from your own body!
You take 22 damage, and have 179/201 hp.
You regained 15 mp, and now have 34/48 mp.
What level of the Dungeon? (default 1, ? - help) 4 hell hogs come into view.
You regained 2 mp, and now have 36/48 mp.
You feel a surge of power!
The dungeon rumbles!
You kill the hell hog!
The Council accepts your kill.
You kill the hell hog!
The Council accepts your kill.
A door shatters!
You kill the hell hog!
The Council accepts your kill.
You kill the hell hog!
The Council accepts your kill.
A door shatters!
Ka-crash!
You now have 27/48 mp.
What level of the Dungeon? (default 1, ? - help)
You see here a hell hog corpse.
There is a stone staircase leading up here.
You climb upwards.
Your summoned ally is left behind.
Your battlesphere wavers and loses cohesion.
There is a stone staircase leading down here.
You open the door.
There is an open door here.
There is a stone staircase leading up here.
You climb upwards.
There is a stone staircase leading down here.
There is a stone staircase leading up here.
You climb upwards.
There is a stone staircase leading down here.
You see here a +0 scimitar.
There is a stone staircase leading up here.
You climb upwards.
There is a stone staircase leading down here.
You see here an iguana skeleton.
There is a stone staircase leading up here.
You climb upwards.
There is a stone staircase leading down here.
There is a stone staircase leading up here.
You climb upwards.
There is a stone staircase leading down here.
There is a stone staircase leading up here.
You climb upwards.
There is a stone staircase leading down here.
There is a stone staircase leading up here.
You climb upwards.
There is a stone staircase leading down here.
A reaper comes into view. It is wielding a +0 scythe of venom.
Health restored: 201; MP restored: 48 You conjure a globe of magical energy.
There is a stone staircase leading up here.
You climb upwards.
Your summoned ally is left behind.
Your battlesphere wavers and loses cohesion.
There is a stone staircase leading down here.
What level of the Dungeon? (default 1, ? - help)
You see here a +0 ring mail.
An Executioner comes into view.
Press: ? - help, Shift-Dir - straight line, f - Executioner
Aim: an Executioner (77% to hit)
You feel a strong surge of power!
The crystal spear hits the Executioner!!!!
You kill the Executioner!
The Council accepts your kill.
You now have 40/48 mp.
What level of the Dungeon? (default 1, ? - help)
There is a staircase leading out of the dungeon here.
You regained 6 mp, and now have 46/48 mp.
You have escaped!

#.#.............##....#
#....###...###...#....#
#....#......>#...#....#
#....#.......#...#....#
#.#.............##....#
#.#......#......##....'
#.#.............##....#
#....#.......#...#....#
#....#@......#.......##
#....###...###....##.##
#.#..§§§........#.#####
#.#.§§§§......÷.#....##
#.###§§§###...######.##
#...§§§## ##### #...
######## ####


There were no monsters in sight!

Vanquished Creatures
  the Royal Jelly (Slime:5)
  5 dread liches (Zot:5)
  Tiamat (Zot:3)
  Frederick (Crypt:2)
  3 ancient liches
  4 orbs of fire
  Mara (Vaults:5)
  Mennas (Vaults:5)
  The ghost of Kinwaexu the Slayer, a veteran OnBe of Trog (Zot:3)
  A royal mummy (Crypt:3)
  Boris (Crypt:3)
  Josephina (Zot:3)
  Sojobo (Crypt:1)
  A pandemonium lord (Depths:1)
  Vv (Zot:3)
  Saint Roka (Vaults:1)
  Margery (Crypt:2)
  3 Killer Klowns
  7 curse toes
  The ghost of Vywebed the Executioner, an adept MiFi of the Shining One (Crypt:2)
  18 golden dragons
  The ghost of Edofruc the Cloud Mage, an adept DrMo of Hepliaklqana (Elf:2)
  A Brimstone Fiend (Zot:5)
  8 electric golems
  A hellephant (Depths:3)
  Zenata (Crypt:3)
  29 tentacled monstrosities
  Rupert (D:14)
  2 deep elf blademasters (Elf:3)
  3 quicksilver dragons
  A walking frostbound tome (Depths:3)
  A walking earthen tome (Depths:3)
  12 acid blobs
  27 Orb Guardians
  2 deep elf master archers (Elf:3)
  4 titans (Vaults:5)
  A searing wretch (Crypt:2)
  5 liches
  An ancient champion (Crypt:3)
  9 death cobs
  11 sphinxes
  2 Executioners
  A thorn hunter (Swamp:4)
  20 storm dragons
  15 shadow dragons
  11 tengu reavers
  Aizul (Snake:2)
  Kirke (D:12)
  7 fire giants
  13 rockslimes
  Roxanne (Snake:2)
  6 protean progenitors
  2 fenstrider witches
  11 azure jellies
  8 frost giants
  12 draconian monks
  3 deep elf sorcerers
  Donald (Snake:2)
  5 nagarajas
  3 iron dragons
  7 revenants
  13 draconian knights
  23 vault wardens
  6 draconian scorchers
  4 ghouls
  2 balrugs
  7 draconian stormcallers
  6 deep elf elementalists (Elf:3)
  12 draconian shifters
  3 reapers
  A ghost moth (Zot:4)
  A juggernaut zombie (Crypt:2)
  27 ironbound preservers
  9 stone giants
  A demonspawn blood saint (D:15)
  A curse skull (Crypt:2)
  29 very ugly things
  12 draconian annihilators
  3 cacodemons
  16 quicksilver oozes
  Nessos (D:13)
  10 formless jellyfish
  6 deep elf demonologists (Elf:3)
  10 vampire knights
  12 purple draconians
  12 red draconians
  5 ironbound thunderhulks
  10 deep elf death magi
  18 dire elephants
  8 eleionomae
  16 green draconians
  4 bunyips
  6 war gargoyles
  The ghost of Sesiytys the Covert, a journeyman HuWn of Dithmenos (Lair:3)
  9 black draconians
  A lorocyproca (D:15)
  4 deep elf annihilators (Elf:3)
  18 yellow draconians
  14 white draconians
  2 spark wasps (Depths:2)
  7 mummy priests (Crypt:3)
  A blizzard demon (Zot:5)
  A merfolk javelineer (Depths:4)
  14 ettins
  2 entropy weavers
  4 green deaths
  5 eidola
  9 fire dragons
  8 jiangshi
  A merfolk impaler (Depths:4)
  4 deep elf high priests
  A crystal guardian (Vaults:3)
  9 ice dragons
  An entropy weaver (shapeshifter) (D:12)
  8 yaktaur captains
  14 great orbs of eyes
  A quicksilver dragon skeleton (Crypt:2)
  A rakshasa (Depths:2)
  32 vault guards
  A hell beast (D:14)
  5 salamander tyrants
  18 hydras
  A catoblepas (Lair:4)
  3 spriggan air magi
  3 peacekeepers
  A spriggan skeleton (Crypt:3)
  9 anacondas
  8 alligators
  4 ghost crabs
  3 death knights
  3 ogre magi
  9 centaur warriors
  13 two-headed ogres
  A bennu zombie (Crypt:3)
  37 dancing weapons
  11 ironbound frosthearts
  3 boulder beetles
  7 deep troll shamans
  A demonic crawler (Zot:5)
  A two-headed ogre (shapeshifter) (Elf:2)
  8 vampire magi
  5 tengu warriors
  9 hell hogs
  6 deep troll earth magi
  8 orc high priests
  2 soul eaters
  2 occultists
  Urug (Orc:2)
  4 hell knights
  11 shock serpents
  10 naga sharpshooters
  6 spriggan berserkers
  16 deep elf knights
  Sonja (D:10)
  4 salamander mystics
  12 naga warriors
  2 skysharks (shapeshifter)
  A deep troll (shapeshifter) (Vaults:5)
  4 iron trolls
  9 flayed ghosts
  8 goliath frogs
  A skyshark (Lair:5)
  20 skeletal warriors
  9 mana vipers
  A storm dragon skeleton (Crypt:2)
  6 glowing orange brains
  6 spriggan druids
  An orb spider (shapeshifter) (Depths:3)
  6 naga ritualists
  4 harpies (D:13)
  2 orb spiders (Zot:2)
  11 arcanists
  7 bog bodies
  17 ironbound convokers
  79 deep trolls
  An orange crystal statue (IceCv)
  22 phantasmal warriors
  A shadow demon (Depths:2)
  9 deep elf archers
  5 swamp dragons
  5 thermic dynamos (Elf:1)
  6 orc knights
  6 lindwurms
  A harpy (shapeshifter) (D:14)
  14 necromancers
  A golden dragon skeleton (Crypt:2)
  2 wolf spiders (D:13)
  15 deep elf pyromancers
  An anaconda skeleton (Crypt:2)
  4 large abominations (Swamp:4)
  44 ugly things
  A stone giant zombie (Crypt:3)
  32 deep elf zephyrmancers
  4 orc sorcerers
  5 human zombies
  An obsidian bat (Orc:2)
  5 will-o-the-wisps
  A manticore (shapeshifter) (Vaults:5)
  24 salamanders
  A draconian zombie (Crypt:2)
  A manticore (D:15)
  An alligator skeleton (Crypt:3)
  9 cyclopes
  4 shining eyes
  6 meliai
  15 elephants
  8 apocalypse crabs (Zot:4)
  A meliai (shapeshifter) (Elf:2)
  2 elephants (shapeshifter)
  34 moths of wrath
  18 vault sentinels
  4 kobold blastminers (Orc:1)
  4 eyes of devastation
  A black mamba (shapeshifter) (Elf:2)
  A toenail golem (D:15)
  16 naga magi
  An orc zombie (Crypt:3)
  A torpor snail (shapeshifter) (Depths:4)
  2 molten gargoyles (Lair:5)
  A rust devil (D:10)
  8 storm dragon simulacra
  12 cane toads
  7 guardian serpents
  4 orange demons
  2 unseen horrors
  A sea snake zombie (Crypt:1)
  5 gargoyles
  A grey draconian zombie (Crypt:1)
  32 black mambas
  A kobold demonologist (D:12)
  A white draconian zombie (Crypt:1)
  An alligator snapping turtle skeleton (Crypt:2)
  2 efreet
  11 komodo dragons
  3 rime drakes
  44 yaktaurs
  3 tengu conjurers
  35 guardian mummies
  An ice devil (Depths:1)
  13 freezing wraiths
  A black draconian skeleton (Crypt:1)
  4 golden dragon simulacra (IceCv)
  Psyche (D:8)
  A green draconian skeleton (Crypt:1)
  5 harpy zombies (D:13)
  A queen bee (Lair:5)
  A sea snake skeleton (Crypt:2)
  2 trolls (shapeshifter) (Elf:2)
  2 polar bears
  12 tyrant leeches
  9 trolls
  A hornet (shapeshifter) (Elf:2)
  14 hornets
  4 bloated husks
  2 blink frogs (Lair:4)
  4 human skeletons
  A shadow dragon simulacrum (Zot:3)
  A hydra zombie (Crypt:2)
  A stone giant simulacrum (Crypt:2)
  2 glass eyes (shapeshifter)
  5 dream sheep (Lair:4)
  145 slime creatures
  An ettin zombie (Crypt:2)
  6 glass eyes
  A human simulacrum (Vaults:3)
  A spriggan (shapeshifter) (Elf:2)
  A culicivora (shapeshifter) (Elf:2)
  An ettin skeleton (Crypt:2)
  A ynoxinul (Depths:2)
  7 air elementals
  11 wraiths
  A centaur simulacrum (D:12)
  58 yaks
  7 water elementals
  Sigmund (D:6)
  22 spriggans
  6 wyverns
  3 shadows (Swamp:4)
  19 golden eyes
  A golden eye (shapeshifter) (Elf:2)
  3 hogs (D:12)
  12 ushabtiu (Crypt:3)
  6 vampires
  5 fire elementals
  2 wargs (Orc:2)
  2 redbacks
  2 steam dragons (Lair:5)
  6 vampire mosquitoes (D:13)
  A wind drake skeleton (Crypt:2)
  6 basilisks
  A chaos spawn (Depths:1)
  2 harpy simulacra
  A glowing shapeshifter zombie (Vaults:3)
  38 nagas
  A faun zombie (Crypt:3)
  A naga zombie (Crypt:3)
  A cane toad zombie (Crypt:2)
  A swamp worm (shapeshifter) (Depths:4)
  14 swamp worms
  A moth of wrath simulacrum (Zot:3)
  4 acid dragons
  17 water moccasins
  4 hell hounds (Lair:5)
  A meliai simulacrum (D:14)
  5 swamp drakes
  2 sky beasts
  2 ice beasts
  A black bear (Lair:3)
  4 ice dragon simulacra (IceCv)
  25 laughing skulls
  8 ogres
  16 orc warriors
  A blink frog zombie (Crypt:2)
  26 wolves
  4 boggarts (D:15)
  A centaur (D:12)
  A hog zombie (Crypt:2)
  4 phantoms
  A kobold brigand (D:8)
  A manticore skeleton (Crypt:2)
  9 weeping skulls (Crypt:3)
  19 bullfrogs
  3 earth elementals
  A scorpion (D:6)
  A wight (D:10)
  A cyclops skeleton (Crypt:1)
  2 spriggan zombies (Crypt:2)
  18 killer bees
  5 lindwurm simulacra (IceCv)
  8 howler monkeys
  A wolf zombie (Crypt:1)
  6 lava snakes
  A bombardier beetle (D:5)
  23 orc priests
  3 jellies
  4 iguanas
  20 orc wizards
  An ice beast zombie (Crypt:3)
  15 mummies
  6 gnolls
  3 adders
  A steam dragon zombie (Crypt:3)
  A shadow imp (D:5)
  A white imp (D:8)
  4 ufetubi (D:5)
  An adder zombie (Crypt:1)
  3 ribbon worms
  48 orcs
  4 ball pythons
  9 bats
  8 endoplasms
  2 giant cockroaches (D:2)
  4 goblins (D:1)
  6 hobgoblins
  14 kobolds
  3 quokkas
  4 frilled lizards
  6 rats
  11 aspiring fleshes
2622 creatures vanquished.

Vanquished Creatures (collateral kills)
  Frances (D:13)
  A deep elf sorcerer (Elf:3)
  A two-headed ogre (D:8)
  A deep elf zephyrmancer (Elf:3)
  An elephant (Lair:5)
  A torpor snail (Lair:2)
  A kobold blastminer (Orc:1)
  A cane toad (Lair:1)
  A rime drake (Lair:3)
  A golden dragon simulacrum (IceCv)
  A troll (D:9)
  2 hornets
  A blink frog (Lair:4)
  2 dream sheep (Lair:4)
  17 yaks
  3 orc warriors
  A black bear (D:10)
  2 ice beasts (D:8)
  3 wolves
  A centaur (D:8)
  2 kobold brigands
  2 bullfrogs (D:8)
  A gnoll sergeant (D:8)
  A scorpion (D:6)
  2 wights (D:10)
  8 killer bees
  A lindwurm simulacrum (IceCv)
  A bombardier beetle (D:4)
  A sleepcap (D:7)
  9 orc priests
  A gnoll bouda (D:6)
  4 orc wizards
  An adder (D:4)
  A white imp (D:8)
  A dart slug (D:1)
  3 ribbon worms (D:2)
  17 orcs
  2 goblins
  3 hobgoblins
  2 quokkas
  A bat (D:1)
  2 frilled lizards
  6 kobolds
  A rat (D:3)
116 creatures vanquished.

Vanquished Creatures (others)
  A draconian knight (Zot:3)
  An ogre mage (D:12)
  A bloated husk (Swamp:3)
  8 foxfires (Swamp:2)
11 creatures vanquished.

Grand Total: 2749 creatures vanquished

Notes
Turn   | Place    | Note
-------+----------+-------------------------------------------
     0 | D:1      | Gadrel the Draconian Summoner began the quest for the Orb.
     0 | D:1      | Reached XP level 1. HP: 14/14 MP: 3/3
    69 | D:1      | Reached skill level 2 in Stealth
   163 | D:1      | Reached skill level 1 in Fighting
   213 | D:1      | Reached XP level 2. HP: 23/23 MP: 3/5
   218 | D:1      | Learned a level 2 spell: Call Imp
   514 | D:1      | Reached skill level 2 in Fighting
   731 | D:1      | Found a faded altar of an unknown god.
   735 | D:1      | Prayed at the altar of an unknown god.
   735 | D:1      | Became a worshipper of the Wu Jian Council
   735 | D:1      | Reached * piety under Wu Jian
   950 | D:2      | Reached XP level 3. HP: 29/29 MP: 6/6
  1459 | D:2      | Learned a level 3 spell: Call Canine Familiar
  1578 | D:3      | Reached ** piety under Wu Jian
  1768 | D:3      | Reached XP level 4. HP: 34/36 MP: 3/7
  1974 | D:3      | Found a bloodstained altar of Trog.
  2011 | D:3      | Found a hide-covered altar of Uskayaw.
  2012 | D:3      | Found a basalt altar of Yredelemnul.
  2014 | D:3      | Found a stormy altar of Qazlal.
  2016 | D:3      | Found a shimmering blue altar of Sif Muna.
  2016 | D:3      | Found an ornate altar of the Wu Jian Council.
  2368 | D:3      | Found a hazy altar of Hepliaklqana.
  2375 | D:3      | Found a glowing golden altar of the Shining One.
  2377 | D:3      | Found an iron altar of Okawaru.
  2602 | D:4      | Reached skill level 3 in Spellcasting
  2687 | D:4      | Reached skill level 3 in Stealth
  2687 | D:4      | Reached XP level 5. HP: 38/41 MP: 5/9
  2830 | D:4      | Noticed a phantom
  2853 | D:4      | Killed a phantom
  2854 | D:4      | Reached skill level 5 in Summonings
  2854 | D:4      | Reached skill level 3 in Fighting
  2860 | D:4      | Learned a level 3 spell: Confusing Touch
  3011 | D:4      | Identified the +11 whip of Tenacity {speed, rElec}
  3077 | D:4      | Reached skill level 1 in Hexes
  3393 | D:5      | Entered Level 5 of the Dungeon
  3419 | D:5      | Noticed an ogre
  3451 | D:5      | Killed an ogre
  3452 | D:5      | Reached skill level 2 in Hexes
  3452 | D:5      | Reached XP level 6. HP: 35/51 MP: 7/10
  3528 | D:5      | Reached skill level 3 in Hexes
  3600 | D:5      | Reached skill level 1 in Evocations
  3615 | D:5      | Reached skill level 1 in Maces & Flails
  3862 | D:5      | Noticed a water moccasin
  3868 | D:5      | Killed a water moccasin
  3868 | D:5      | Reached *** piety under Wu Jian
  3869 | D:5      | Reached skill level 2 in Maces & Flails
  3869 | D:5      | Your scales start taking on a dull iron-grey colour.
  3869 | D:5      | Reached XP level 7. HP: 53/57 MP: 7/11
  4312 | D:6      | Noticed Sigmund
  4314 | D:6      | Reached skill level 6 in Summonings
  4321 | D:6      | Reached skill level 4 in Fighting
  4324 | D:6      | Killed Sigmund
  4418 | D:6      | Reached skill level 4 in Spellcasting
  4426 | D:6      | Reached XP level 8. HP: 59/66 MP: 14/14
  4486 | D:6      | Reached skill level 7 in Summonings
  4609 | D:6      | Found a staircase to the Ecumenical Temple.
  4690 | D:6      | Found a shimmering altar of Xom.
  4759 | D:6      | Reached skill level 8 in Summonings
  4761 | D:6      | Found Nitoimef's Weapon Shoppe.
  4828 | D:6      | Reached skill level 1 in Air Magic
  5016 | D:6      | Reached skill level 2 in Air Magic
  5111 | D:6      | Learned a level 4 spell: Summon Lightning Spire
  5168 | D:7      | Reached skill level 3 in Air Magic
  5425 | D:7      | Reached XP level 9. HP: 71/71 MP: 16/16
  5447 | D:7      | Reached skill level 5 in Spellcasting
  5540 | D:7      | Reached skill level 9 in Summonings
  6030 | D:8      | Reached skill level 3 in Maces & Flails
  6038 | D:8      | Reached **** piety under Wu Jian
  6100 | D:8      | Noticed Psyche
  6111 | D:8      | Killed Psyche
  6158 | D:8      | Noticed a two-headed ogre
  6177 | D:8      | Reached skill level 4 in Maces & Flails
  6179 | D:8      | Killed a two-headed ogre
  6180 | D:8      | Reached skill level 10 in Summonings
  6180 | D:8      | Reached skill level 5 in Fighting
  6180 | D:8      | Reached skill level 2 in Conjurations
  6180 | D:8      | Reached skill level 2 in Alchemy
  6239 | D:8      | Identified the ring of Butchery {rElec rN+++ Will+ EV+5
                  | Str-3}
  6251 | D:8      | Reached skill level 3 in Conjurations
  6251 | D:8      | Reached skill level 3 in Alchemy
  6251 | D:8      | Reached XP level 10. HP: 81/81 MP: 10/17
  6422 | D:8      | Reached skill level 4 in Conjurations
  6422 | D:8      | Reached skill level 4 in Alchemy
  6483 | D:8      | Reached skill level 5 in Conjurations
  6483 | D:8      | Reached skill level 5 in Alchemy
  7460 | D:9      | Reached skill level 6 in Conjurations
  7460 | D:9      | Reached skill level 6 in Alchemy
  7466 | D:9      | Learned a level 5 spell: Irradiate
  7565 | D:9      | Reached ***** piety under Wu Jian
  7609 | D:9      | Found a staircase to the Orcish Mines.
  7647 | D:9      | Noticed a two-headed ogre
  7664 | D:9      | Killed a two-headed ogre
  7903 | D:10     | Entered Level 10 of the Dungeon
  7969 | D:10     | Reached skill level 7 in Conjurations
  7969 | D:10     | Reached skill level 7 in Alchemy
  7987 | D:10     | Reached XP level 11. HP: 86/86 MP: 16/18
  8100 | D:10     | Identified a scroll of acquirement
  8101 | D:10     | Acquired the sphere of Battle
  8101 | D:10     | Found the sphere of Battle
  8171 | D:10     | Learned a level 2 spell: Blink
  8250 | D:10     | Found a staircase to the Lair.
  8274 | D:10     | Reached skill level 1 in Translocations
  8711 | D:10     | Noticed Sonja
  8736 | D:10     | Killed Sonja
  8737 | D:10     | Reached skill level 2 in Translocations
  8850 | D:10     | Reached skill level 8 in Conjurations
  8850 | D:10     | Reached skill level 8 in Alchemy
  8857 | D:10     | Reached skill level 5 in Maces & Flails
  8956 | D:10     | Reached skill level 6 in Maces & Flails
  9109 | Lair:1   | Entered Level 1 of the Lair of Beasts
  9115 | Lair:1   | Reached skill level 1 in Earth Magic
  9118 | Lair:1   | Reached skill level 2 in Earth Magic
  9251 | Lair:1   | Reached skill level 3 in Earth Magic
  9356 | Lair:1   | Reached skill level 6 in Spellcasting
  9356 | Lair:1   | Reached skill level 4 in Earth Magic
  9511 | Lair:1   | Reached skill level 5 in Earth Magic
  9634 | Lair:1   | Learned a level 5 spell: Lee's Rapid Deconstruction
 10018 | Lair:1   | Reached skill level 6 in Earth Magic
 10018 | Lair:1   | Reached XP level 12. HP: 94/94 MP: 8/22
 10245 | Lair:2   | Noticed a five-headed hydra
 10245 | Lair:2   | Found a radiant altar of Vehumet.
 10247 | Lair:2   | Killed a five-headed hydra
 10248 | Lair:2   | Reached skill level 7 in Spellcasting
 10397 | Lair:2   | Reached skill level 7 in Earth Magic
 11000 | Lair:2   | Reached ****** piety under Wu Jian
 11001 | Lair:2   | Reached skill level 8 in Spellcasting
 11004 | Lair:2   | Reached skill level 8 in Earth Magic
 11107 | Lair:2   | Identified the +6 rapier of Conversion {pain, rPois Str-3
                  | SInv}
 11390 | Lair:2   | Reached skill level 9 in Earth Magic
 11615 | Lair:2   | Found a staircase to the Swamp.
 11895 | Lair:2   | Learned a level 3 spell: Inner Flame
 11930 | Lair:3   | Reached skill level 1 in Fire Magic
 11935 | Lair:3   | Reached skill level 2 in Fire Magic
 11935 | Lair:3   | Reached skill level 10 in Earth Magic
 12014 | Lair:3   | Reached skill level 3 in Fire Magic
 12211 | Lair:3   | Noticed Sesiytys's ghost (journeyman HuWn)
 12305 | Lair:3   | Reached skill level 4 in Fire Magic
 12463 | Lair:3   | Found a transporter.
 12471 | Lair:3   | Found a bloodstained altar of Trog.
 12471 | Lair:3   | Found a transporter.
 12674 | Lair:3   | Found a staircase to the Snake Pit.
 13001 | Lair:3   | Upgraded the game from 0.32-a0-868-g153ae1a8d6 to
                  | 0.32-a0-871-ge202e49faa
 13021 | Lair:4   | Reached skill level 11 in Earth Magic
 13030 | Lair:4   | Reached XP level 13. HP: 87/100 MP: 5/25
 13410 | Lair:4   | Reached skill level 5 in Fire Magic
 13811 | Lair:4   | Reached skill level 9 in Conjurations
 13815 | Lair:4   | Reached skill level 9 in Alchemy
 14183 | Lair:4   | Found a glowing golden altar of the Shining One.
 14668 | Lair:4   | Gained mutation: Your flesh is heat resistant. (rF+)
                  | [potion of mutation]
 14668 | Lair:4   | Gained mutation: You have an increased reservoir of magic.
                  | (+10% MP) [potion of mutation]
 14700 | Lair:5   | Entered Level 5 of the Lair of Beasts
 14711 | Lair:5   | Reached skill level 12 in Earth Magic
 14735 | Lair:4   | Identified the +3 scale mail of the Past {Will+ Str+7
                  | Dex+3}
 14845 | Lair:5   | Reached skill level 10 in Conjurations
 14845 | Lair:5   | Reached skill level 10 in Alchemy
 14947 | Lair:5   | Reached skill level 6 in Fighting
 15070 | Lair:5   | Reached skill level 2 in Dodging
 15155 | Lair:5   | Reached skill level 3 in Dodging
 15204 | Lair:5   | Reached skill level 4 in Hexes
 15537 | Lair:5   | Reached skill level 4 in Dodging
 15753 | Lair:5   | Noticed a fire dragon
 15754 | Lair:5   | Found a large runed translucent door.
 15755 | Lair:5   | Found a large runed translucent door.
 15810 | Lair:5   | Reached XP level 14. HP: 89/110 MP: 13/28
 15812 | Lair:5   | Reached skill level 5 in Hexes
 15921 | Lair:5   | Reached skill level 5 in Dodging
 16280 | Lair:5   | Reached skill level 6 in Dodging
 16338 | Lair:5   | Found a viscous altar of Jiyva.
 16339 | Lair:5   | Found a staircase to the Slime Pits.
 17085 | Orc:1    | Entered Level 1 of the Orcish Mines
 17182 | Orc:1    | Reached skill level 7 in Dodging
 17420 | Orc:2    | Entered Level 2 of the Orcish Mines
 17666 | Orc:2    | Found a roughly hewn altar of Beogh.
 17758 | Orc:2    | Found Ineqoakh's Distillery.
 17770 | Orc:2    | Bought a potion of haste for 120 gold pieces
 17770 | Orc:2    | Bought a potion of lignification for 36 gold pieces
 17770 | Orc:2    | Bought a potion of heal wounds for 60 gold pieces
 17790 | Orc:2    | Noticed Urug
 17796 | Orc:2    | Killed Urug
 17902 | Orc:1    | Reached skill level 8 in Dodging
 18021 | Orc:1    | You fall into a shaft and drop 1 floor!
 18048 | Orc:2    | Found a burning altar of Makhleb.
 18219 | Orc:2    | Found a staircase to the Elven Halls.
 18533 | Orc:2    | Gained mutation: You have hidden genetic defects. [a
                  | neqoxec]
 18842 | Orc:2    | Reached skill level 9 in Dodging
 18972 | Orc:2    | Found Durghele's Antique Weapon Emporium.
 18972 | Orc:2    | Found Rewar's Book Shoppe.
 18973 | Orc:2    | Found Ryarov's Armour Shoppe.
 18977 | Orc:2    | Found Okhit's Distillery.
 19006 | Orc:2    | Bought a potion of invisibility for 88 gold pieces
 19251 | Orc:2    | Bought a book of Armaments for 504 gold pieces
 19255 | Orc:2    | Learned a level 3 spell: Stone Arrow
 19255 | Orc:2    | Bought Sif Muna's Quarto of the Pestle for 560 gold pieces
 19264 | Orc:2    | Learned a level 6 spell: Eringya's Noxious Bog
 20038 | D:12     | Reached skill level 9 in Spellcasting
 20095 | D:12     | Gained mutation: Your health recovers twice as slowly from
                  | being drained. [hidden defects]
 20540 | D:12     | Reached skill level 11 in Alchemy
 20553 | D:12     | Noticed Kirke
 20753 | D:12     | Reached XP level 15. HP: 115/115 MP: 29/31
 20798 | D:12     | Gained mutation: You occasionally shout uncontrollably at
                  | your foes. [hidden defects]
 20798 | D:12     | Lost mutation: You have hidden genetic defects. [hidden
                  | defects expressed]
 20854 | D:12     | Killed Kirke
 20858 | D:12     | Reached skill level 10 in Spellcasting
 21363 | D:12     | Upgraded the game from 0.32-a0-871-ge202e49faa to
                  | 0.32-a0-872-g59262bdc9b
 21369 | D:12     | Learned a level 5 spell: Yara's Violent Unravelling
 21437 | D:13     | Reached skill level 12 in Alchemy
 21493 | D:13     | Reached skill level 2 in Evocations
 21607 | D:13     | Found a portal to a secret trove of treasure.
 21717 | D:13     | Noticed Frances
 21723 | D:13     | Killed Frances
 21724 | D:13     | Reached skill level 3 in Evocations
 21793 | D:13     | Reached skill level 7 in Fighting
 21939 | D:13     | Reached skill level 4 in Evocations
 22150 | D:13     | Found a gate to the Vaults.
 22317 | D:13     | Reached skill level 8 in Fighting
 22377 | D:13     | Reached skill level 5 in Evocations
 22849 | D:13     | Reached skill level 11 in Conjurations
 23064 | D:13     | Identified the amulet "Oxkoru" {Spirit Rampage rC++}
 23125 | D:13     | Paralysed by a vampire knight for 4 turns
 23178 | D:13     | Noticed Nessos
 23184 | D:13     | Killed Nessos
 23622 | D:13     | Reached skill level 12 in Conjurations
 23937 | D:14     | Found an iron altar of Okawaru.
 23947 | D:14     | Noticed Rupert
 23957 | D:14     | Killed Rupert
 24003 | D:14     | Reached XP level 16. HP: 128/128 MP: 28/33
 24165 | D:14     | Noticed a tengu reaver
 24535 | D:15     | Entered Level 15 of the Dungeon
 24540 | D:15     | Reached skill level 11 in Spellcasting
 24678 | D:15     | Learned a level 4 spell: Ignite Poison
 24859 | D:15     | Found Giacu's Book Shop.
 24923 | D:15     | Reached skill level 12 in Spellcasting
 25040 | D:15     | Found a staircase to the Depths.
 25417 | Snake:1  | Entered Level 1 of the Snake Pit
 25714 | Snake:1  | Reached skill level 9 in Fighting
 26023 | Snake:1  | Reached skill level 10 in Dodging
 26504 | Snake:1  | Found Weritroh's Jewellery Shoppe.
 26515 | Snake:1  | Got the Verses on Charms and Accompaniment
 26524 | Snake:1  | Found Doyskiwn's Book Boutique.
 26525 | Snake:1  | Found Qaruf's Jewellery Shoppe.
 26977 | D:14     | Reached skill level 10 in Fighting
 26981 | D:14     | Killed a tengu reaver
 27036 | D:14     | Identified the +1 broad axe "Peyg Hets" {drain, Str+5
                  | Int+3}
 27329 | Snake:2  | Reached skill level 11 in Dodging
 27445 | Snake:2  | Noticed Donald
 27451 | Snake:2  | Killed Donald
 27667 | Snake:2  | Identified the serpent talisman "Teqedgh" {rElec rN+ rCorr
                  | Dex-5}
 27667 | Snake:2  | Noticed Aizul
 27676 | Snake:2  | Killed Aizul
 28217 | Snake:2  | Noticed Roxanne
 28221 | Snake:2  | Killed Roxanne
 29033 | Snake:3  | Reached XP level 17. HP: 140/140 MP: 4/36
 29047 | Snake:3  | Reached skill level 13 in Earth Magic
 29123 | Snake:3  | Identified the +1 short sword of Lust {spect, ^Contam
                  | *Corrode Str+2 Int+6}
 29354 | Snake:3  | Reached skill level 13 in Conjurations
 30726 | Snake:4  | Entered Level 4 of the Snake Pit
 30756 | Snake:4  | Reached skill level 14 in Earth Magic
 31035 | Snake:4  | Arto: So lonely :(
 31035 | Snake:4  | Arto: you must feel right
 31035 | Snake:4  | Arto: jk
 31035 | Snake:4  | Gadrel: how so?
 31035 | Snake:4  | Gadrel: =p
 31037 | Snake:4  | Arto: its the opposite actually
 31037 | Snake:4  | Arto: for you
 31037 | Snake:4  | Arto: seems like u are having a good time
 31108 | Snake:4  | Arto: So which dungeon you are at
 31112 | Snake:4  | Arto: and who is beem
 31112 | Snake:4  | Gadrel: this is snake
 31112 | Snake:4  | Gadrel: and beem is the irc bot
 31112 | Snake:4  | Gadrel: i mainly use it for the ac calc
 31112 | Snake:4  | Gadrel: !ac 5
 31112 | Snake:4  | beem: 4.4 armour skill per 1 AC for 5 base AC
 31112 | Snake:4  | Arto: and what is irc bot
 31112 | Snake:4  | Gadrel: it queries the wiki bot on irc
 31112 | Snake:4  | Arto: i am new to DCSS
 31112 | Snake:4  | Arto: oh
 31112 | Snake:4  | Gadrel: answers a lot of questions
 31112 | Snake:4  | Gadrel: has a million commands
 31112 | Snake:4  | Arto: so like lookup but better
 31112 | Snake:4  | Gadrel: right
 31112 | Snake:4  | Gadrel: !greatrace Gr
 31112 | Snake:4  | beem: Unwon gargoyles for Gadrel: GrAl
 31112 | Snake:4  | AutarchDCSS: Sorry I missed you earlier! Glad to see you
                  | are getting helped out.
 31112 | Snake:4  | Gadrel: o7
 31112 | Snake:4  | Gadrel: !greatrole Fi
 31112 | Snake:4  | Arto: Is AutarchDCSS a person
 31112 | Snake:4  | beem: Unwon fighters for Gadrel: AtFi, BaFi, DjFi, FeFi,
                  | GnFi, NaFi, SpFi
 31112 | Snake:4  | Gadrel: yes
 31112 | Snake:4  | Arto: cool
 31114 | Snake:4  | Arto: oh he left
 31114 | Snake:4  | Arto: :/
 31114 | Snake:4  | Gadrel: did you ask a question on irc?
 31114 | Snake:4  | Gadrel: he probably came to answer
 31114 | Snake:4  | Arto: no i play offline
 31114 | Snake:4  | Arto: oh
 31277 | Snake:1  | Bought the ring "Quoroley" {rC+ Will+ SInv} for 604 gold
                  | pieces
 31445 | Snake:4  | Arto: Is it possible on the offline version
 31505 | Snake:4  | Arto: to add beem
 31506 | Snake:4  | Gadrel: i'm not sure, i've never played offline
 31506 | Snake:4  | Gadrel: always played tiles
 31506 | Snake:4  | Arto: ok
 31511 | Snake:4  | Reached skill level 14 in Conjurations
 31548 | Snake:4  | Arto: offline has mouse controls
 31618 | Snake:4  | Arto: that why i was using it
 31618 | Snake:4  | Gadrel: so does tiles
 31618 | Snake:4  | Gadrel: i never use them though
 31618 | Snake:4  | Gadrel: much faster to use all the keyboard shortcuts
 31629 | Snake:4  | Arto: no there is a interface suited for mouse controls
 31655 | Snake:4  | Arto: it is a good idea when your non dominant hand has
                  | pain
 31656 | Snake:4  | Arto: in irl
 31656 | Snake:4  | Gadrel: gotcha
 31732 | Snake:4  | Arto: well I will probably be playing on online too
 31767 | Snake:4  | Arto: So how long it has been playing DCSS
 31769 | Snake:4  | Reached skill level 15 in Earth Magic
 31769 | Snake:4  | Gadrel: my first game was 11 years ago tomorrow
 31836 | Snake:4  | Arto: dayum
 31850 | Snake:4  | Arto: You are expirenced
 31871 | Snake:4  | Arto: So you play tournaments too?
 31872 | Snake:4  | Gadrel: not really
 31872 | Snake:4  | Gadrel: i can't devote a stretch of time like that to play
 31883 | Snake:4  | Arto: oh
 32376 | Snake:4  | Found a radiant altar of Vehumet.
 32608 | Snake:4  | Arto: Is the runs on online usually has low spectators?
 32973 | Snake:4  | Got a serpentine rune of Zot
 33012 | Snake:4  | Gadrel: these days yes
 33012 | Snake:4  | Gadrel: back in the day you would have a lot of spectators
 33012 | Snake:4  | Arto: like how much
 33094 | Snake:4  | Arto: from number a to number b?
 33094 | Snake:4  | Arto: eg 1-4
 33094 | Snake:4  | Gadrel: oh I remember a dozen people sometimes
 33094 | Snake:4  | Arto: like 10 people
 33095 | Snake:4  | Arto: or more
 33316 | Lair:3   | Arto: How frequently do you play this game
 33323 | Lair:3   | Killed Sesiytys's ghost
 33407 | Lair:3   | Gadrel: too much
 33409 | Lair:3   | Arto: in a day how much
 33409 | Lair:3   | Gadrel: click my name at the top of this window
 33882 | Swamp:1  | Entered Level 1 of the Swamp
 33939 | Swamp:1  | Arto: so you play minimum 2 times a day?
 34053 | Swamp:1  | Arto: Also how long it takes a run for you
 34064 | Swamp:1  | Reached XP level 18. HP: 123/147 MP: 4/38
 34324 | Swamp:1  | Gadrel: not long if I die =p
 34491 | Swamp:1  | Arto: So like 5 hours minimum a run?
 34491 | Swamp:1  | Arto: yes or nah
 34491 | Swamp:1  | Gadrel: according to accraisiac my last win took 3:57
 34491 | Swamp:1  | Gadrel: akrasiac*
 34494 | Swamp:2  | Arto: so 3 hours right
 34508 | Swamp:2  | Arto: what is akrasiac?
 34510 | Swamp:2  | Gadrel: click my name at the top of this window
 34510 | Swamp:2  | Gadrel: it's the run/score tracker
 34510 | Swamp:2  | Gadrel:
                  | http://crawl.akrasiac.org/scoring/players/gadrel.html
 34510 | Swamp:2  | Arto: oh cool
 34575 | Swamp:2  | Arto: Are you a well known player to the community?
 34676 | Swamp:2  | Reached skill level 16 in Earth Magic
 34739 | Swamp:2  | Arto: welp I got to go
 34824 | Swamp:2  | Arto: bye
 34826 | Swamp:2  | Reached skill level 13 in Spellcasting
 34826 | Swamp:2  | Gadrel: later!
 34826 | Swamp:2  | Arto: see you later
 34949 | Swamp:2  | Arto: byeee!
 34979 | Swamp:2  | You fall into a shaft and drop 1 floor!
 34986 | Swamp:3  | Reached skill level 15 in Conjurations
 36054 | Swamp:3  | Identified the +0 short sword of Kief {spect, Fly Stlth+}
 36162 | Swamp:3  | Identified the +0 halberd "Niaxtuts" {venom, *Slow Str+6}
 36376 | Swamp:4  | Entered Level 4 of the Swamp
 36433 | Swamp:4  | Found a glacial archway.
 36479 | IceCv    | Entered an ice cave
 36879 | IceCv    | Noticed a golden dragon
 36888 | IceCv    | Killed a golden dragon
 36889 | IceCv    | Reached skill level 17 in Earth Magic
 36942 | IceCv    | Identified the amulet "Xevix" {Spirit +Inv rElec}
 37100 | IceCv    | Got Sif Muna's Anthology of Ice
 37555 | Swamp:4  | Learned a level 8 spell: Lehudib's Crystal Spear
 37677 | Swamp:4  | Reached skill level 14 in Spellcasting
 37749 | Swamp:4  | Noticed a tentacled monstrosity
 37764 | Swamp:4  | Killed a tentacled monstrosity
 37765 | Swamp:4  | Reached skill level 16 in Conjurations
 38460 | Swamp:4  | Reached XP level 19. HP: 154/154 MP: 31/41
 38503 | Swamp:4  | Got a decaying rune of Zot
 38848 | Elf:1    | Entered Level 1 of the Elven Halls
 38852 | Elf:1    | Paralysed by an air elemental for 1 turns
 38855 | Elf:1    | Reached skill level 18 in Earth Magic
 38928 | Elf:1    | Found Duer's Gadget Gallery.
 39381 | Elf:1    | Identified the staff "Gozatuir" {rF+ rC+ MP-9 Hexes Fire
                  | Ice}
 39971 | Elf:2    | Reached skill level 15 in Spellcasting
 39987 | Elf:2    | Found a runed translucent gate.
 39987 | Elf:2    | Found a runed translucent gate.
 39988 | Elf:2    | Found a runed translucent gate.
 40164 | Elf:2    | Found the +8 autumn katana {manifold assault}
 40346 | Elf:2    | Found a runed translucent gate.
 40346 | Elf:2    | Found a runed translucent gate.
 40347 | Elf:2    | Found a runed translucent gate.
 40365 | Elf:2    | Reached skill level 19 in Earth Magic
 40415 | Elf:2    | Found a runed translucent gate.
 40415 | Elf:2    | Found a runed translucent gate.
 40415 | Elf:2    | Noticed Edofruc's ghost (adept DrMo)
 40425 | Elf:2    | Found a runed translucent gate.
 40507 | Elf:2    | Gained mutation: You are vulnerable to cold. (rC-) [a
                  | cacodemon]
 40753 | Elf:2    | Killed Edofruc's ghost
 40754 | Elf:2    | Lost mutation: You are vulnerable to cold. (rC-) [potion of
                  | mutation]
 40754 | Elf:2    | Lost mutation: Your flesh is heat resistant. (rF+) [potion
                  | of mutation]
 40754 | Elf:2    | Lost mutation: You have an increased reservoir of magic.
                  | (+10% MP) [potion of mutation]
 40754 | Elf:2    | Gained mutation: You occasionally lose the ability to read
                  | scrolls when taking damage. [potion of mutation]
 40754 | Elf:2    | Gained mutation: You are strong-willed. (Will+) [potion of
                  | mutation]
 40754 | Elf:2    | Gained mutation: You are agile. (Dex +4, Str/Int -1)
                  | [potion of mutation]
 40755 | Elf:2    | Lost mutation: You are agile. (Dex +4, Str/Int -1) [potion
                  | of mutation]
 40755 | Elf:2    | Lost mutation: You occasionally shout uncontrollably at
                  | your foes. [potion of mutation]
 40755 | Elf:2    | Gained mutation: Your body sometimes deteriorates upon
                  | taking damage. [potion of mutation]
 40756 | Elf:2    | Lost mutation: You are strong-willed. (Will+) [potion of
                  | mutation]
 40756 | Elf:2    | Lost mutation: You occasionally lose the ability to read
                  | scrolls when taking damage. [potion of mutation]
 40756 | Elf:2    | Lost mutation: Your health recovers twice as slowly from
                  | being drained. [potion of mutation]
 40756 | Elf:2    | Gained mutation: You sometimes lose your temper in combat.
                  | [potion of mutation]
 40756 | Elf:2    | Gained mutation: You have a pair of small horns on your
                  | head. [potion of mutation]
 40757 | Elf:2    | Lost mutation: You sometimes lose your temper in combat.
                  | [potion of mutation]
 40757 | Elf:2    | Lost mutation: Your body sometimes deteriorates upon taking
                  | damage. [potion of mutation]
 40757 | Elf:2    | Gained mutation: You have an increased reservoir of magic.
                  | (+10% MP) [potion of mutation]
 40772 | Elf:2    | Learned a level 1 spell: Apportation
 40777 | Elf:2    | Identified the +2 pair of gloves "Qekhlis" {Slay+5} (You
                  | found it on level 2 of the Elven Halls)
 40955 | Elf:2    | Reached skill level 20 in Earth Magic
 41515 | Elf:3    | Entered Level 3 of the Elven Halls
 41515 | Elf:3    | Found Xuheq's Distillery.
 41952 | Elf:3    | Reached XP level 20. HP: 161/161 MP: 20/43
 42012 | Elf:3    | Identified the +4 falchion of Egida {spect, MP+9 Str-5
                  | Int+5}
 42062 | Elf:3    | Identified the +4 lajatang of Mayhem {holy, rPois MP+9
                  | Dex-2 Stlth+}
 42132 | Elf:3    | Identified the +6 long sword "Durhapaa" {flame, +Blink
                  | SInv}
 42132 | Elf:3    | Identified the ring of Res Nullius {Fire Fly rN+ Int-4}
 42380 | Elf:3    | Found the +2 hat of the Bear Spirit {Spirit, Bear, *Rage
                  | Will++}
 42483 | Elf:3    | Found Xyimp's Distillery.
 42491 | Elf:3    | Found Lalin's Weapon Shoppe.
 42558 | Elf:3    | Reached skill level 21 in Earth Magic
 42607 | Elf:3    | Reached skill level 17 in Conjurations
 42613 | Elf:3    | Reached skill level 16 in Spellcasting
 42613 | Elf:3    | Paralysed by an air elemental for 1 turns
 42616 | Elf:3    | Paralysed by an air elemental for 1 turns
 42711 | Elf:3    | Found Junoitom's Antique Weapon Boutique.
 42838 | Elf:3    | Found Dexiuc's General Store.
 43202 | Vaults:1 | Entered Level 1 of the Vaults
 43220 | Vaults:1 | Reached skill level 1 in Long Blades
 43326 | Vaults:1 | Reached skill level 2 in Long Blades
 43663 | Vaults:1 | Reached skill level 3 in Long Blades
 44109 | Vaults:1 | Reached skill level 4 in Long Blades
 44440 | Vaults:1 | Identified the +6 falchion of Vanity {pain, rC+ Int+4}
 44664 | Vaults:1 | Reached skill level 5 in Long Blades
 44665 | Vaults:1 | Noticed Saint Roka
 44674 | Vaults:1 | Killed Saint Roka
 45044 | Vaults:1 | Reached skill level 22 in Earth Magic
 45121 | Vaults:1 | Reached skill level 18 in Conjurations
 45262 | Vaults:2 | Reached skill level 6 in Long Blades
 45290 | Vaults:2 | Reached XP level 21. HP: 168/168 MP: 25/45
 45635 | Vaults:2 | Reached skill level 7 in Long Blades
 45718 | Vaults:2 | Found a glowing golden altar of the Shining One.
 46132 | Vaults:2 | Reached skill level 8 in Long Blades
 46132 | Vaults:2 | Reached skill level 13 in Alchemy
 46231 | Vaults:2 | Identified the amulet of Xeer {Spirit Int+6}
 46959 | Vaults:3 | Reached skill level 23 in Earth Magic
 47014 | Vaults:3 | Reached skill level 9 in Long Blades
 47468 | Vaults:3 | Found a staircase to the Crypt.
 47468 | Vaults:3 | Found a basalt altar of Yredelemnul.
 47469 | Vaults:3 | Found an ancient bone altar of Kikubaaqudgha.
 47599 | Vaults:3 | Reached skill level 14 in Alchemy
 47798 | Vaults:3 | Reached skill level 10 in Long Blades
 48094 | Vaults:3 | Identified the ring of Bifil {rN+ MP+9 SInv}
 48412 | Vaults:4 | Reached skill level 11 in Long Blades
 48458 | Vaults:4 | Reached XP level 22. HP: 170/174 MP: 25/46
 48587 | Vaults:4 | Reached skill level 12 in Long Blades
 49544 | Vaults:4 | Learned a level 9 spell: Shatter
 49635 | Crypt:1  | Entered Level 1 of the Crypt
 50752 | Crypt:2  | Noticed Sojobo
 50819 | Crypt:2  | Noticed Margery
 50826 | Crypt:1  | Killed Sojobo
 50994 | Crypt:2  | Killed Margery
 50995 | Crypt:2  | Reached skill level 19 in Conjurations
 50995 | Crypt:2  | Reached skill level 24 in Earth Magic
 51615 | Crypt:2  | Identified the orb "Jymmach" {*channel, *Corrode Slay+5
                  | Conj}
 51615 | Crypt:2  | Noticed Frederick
 51627 | Crypt:2  | Killed Frederick
 51915 | Crypt:2  | Found a runed translucent door.
 51916 | Crypt:2  | Found a shimmering altar of Xom.
 51916 | Crypt:2  | Identified the +7 scimitar "Garais" {chaos, Fly Str+6}
 51917 | Crypt:2  | Noticed Vywebed's ghost (adept MiFi)
 51926 | Crypt:2  | Killed Vywebed's ghost
 52267 | Crypt:3  | Entered Level 3 of the Crypt
 52533 | Crypt:3  | Reached XP level 23. HP: 181/181 MP: 25/47
 52735 | Crypt:3  | Found a staircase to the Tomb.
 52816 | Crypt:3  | Reached skill level 25 in Earth Magic
 52870 | Crypt:3  | Identified the +4 robe of Wacoo {Will+ Dex+2}
 52870 | Crypt:3  | Noticed Boris
 52874 | Crypt:3  | Killed Boris
 52875 | Crypt:3  | Reached skill level 20 in Conjurations
 53487 | Crypt:3  | Reached skill level 1 in Necromancy
 53807 | Crypt:3  | Noticed a royal mummy
 53822 | Crypt:3  | Killed a royal mummy
 53823 | Crypt:3  | Reached skill level 2 in Necromancy
 54013 | Crypt:3  | Found a basalt altar of Yredelemnul.
 54235 | Crypt:3  | Noticed Zenata
 54711 | Crypt:3  | Killed Zenata
 54822 | Crypt:3  | Reached skill level 3 in Necromancy
 55077 | Crypt:3  | Identified the staff "Socaum" {rPois rN+ rCorr Conj
                  | Alchemy}
 55089 | Crypt:3  | Identified the staff "Laususam" {rC+ rN+ Str+2 Stlth+ Conj
                  | Necro}
 55132 | Crypt:3  | Identified the ring "Taahedyf" {rF+ rC++ Will+ Int-5
                  | Stlth+}
 56040 | D:13     | You paid a toll of a +6 demon whip to enter a treasure
                  | trove
 56041 | Trove    | Entered a treasure trove
 56048 | Trove    | Identified the +4 kite shield of the Hot Ocelot {Will+
                  | Int+6}
 56052 | Trove    | Identified the ring of Xom's Fair Game {Fly Will++}
 56054 | Trove    | Identified the scarf of Esherphe {shadows, Int+2 Slay+3}
 56067 | Trove    | Identified the ring "Deunn" {rCorr Int+3 Slay+4}
 56071 | Trove    | Identified the +0 lajatang of Feronomn {flame, rElec Str-4
                  | Int-4 Stlth+}
 56234 | Snake:1  | Bought a book of Transmutation for 532 gold pieces
 56237 | Snake:1  | Learned a level 2 spell: Sublimation of Blood
 56425 | Depths:1 | Entered Level 1 of the Depths
 56446 | Depths:1 | Upgraded the game from 0.32-a0-872-g59262bdc9b to
                  | 0.32-a0-876-gcfddb08e57
 56660 | Depths:1 | Found a gateway to Hell.
 57132 | Depths:1 | Reached skill level 4 in Necromancy
 57498 | Depths:2 | Found a one-way gate leading to the halls of Pandemonium.
 57739 | Depths:2 | Reached skill level 5 in Necromancy
 57774 | Depths:2 | Reached skill level 17 in Spellcasting
 57976 | Depths:2 | Identified the +0 quarterstaff "Ejimp" {distort, Will-
                  | Str+9 Dex-3}
 58111 | Depths:2 | Reached skill level 6 in Necromancy
 58149 | Depths:2 | Identified the +0 falchion "Zunuhu" {pain, rC+ Str+4}
 58277 | Depths:2 | Identified the +4 battleaxe of the Bear {drain, *Noise
                  | *Corrode Str+5 Dex+3}
 58392 | Depths:2 | Reached skill level 26 in Earth Magic
 58776 | Depths:2 | Identified the staff of the King {^Fragile rN+ Int+4 Necro
                  | Air Alchemy}
 59140 | Depths:3 | Reached skill level 7 in Necromancy
 59374 | Depths:3 | Got the Teachings on Momentum and Ceraunoscopy
 59421 | Depths:3 | Reached XP level 24. HP: 182/189 MP: 3/48
 59622 | Depths:3 | Found a one-way gate to the infinite horrors of the Abyss.
 59635 | Depths:3 | Identified the +11 scimitar "Ameafogi" {flame, rF+ Str+2
                  | Dex+2}
 60275 | Depths:3 | Reached skill level 8 in Necromancy
 60378 | Depths:4 | Entered Level 4 of the Depths
 60671 | Depths:4 | Reached skill level 18 in Spellcasting
 60780 | Depths:4 | Reached skill level 9 in Necromancy
 60861 | Depths:4 | Found an ancient bone altar of Kikubaaqudgha.
 61081 | Depths:4 | Found a gate to the Realm of Zot.
 61250 | Depths:4 | Identified the +6 morningstar of Gehenna {venom, rElec
                  | Dex+3}
 61318 | Depths:4 | Acquired 1003 gold pieces
 61348 | Depths:4 | Found a one-way gateway to a ziggurat.
 62007 | Vaults:5 | Entered Level 5 of the Vaults
 62009 | Vaults:5 | Reached skill level 10 in Necromancy
 62009 | Vaults:5 | Reached skill level 27 in Earth Magic
 62012 | Vaults:5 | Noticed Mennas
 62016 | Vaults:5 | Killed Mennas
 62027 | Vaults:5 | Reached skill level 11 in Fighting
 62035 | Vaults:5 | Reached skill level 12 in Dodging
 62038 | Vaults:5 | Reached skill level 12 in Fighting
 62045 | Vaults:5 | Noticed an ancient lich
 62046 | Vaults:5 | Reached skill level 13 in Dodging
 62046 | Vaults:5 | Noticed Mara
 62046 | Vaults:5 | Identified the +5 scimitar of Unreason {pain, *Slow rN+++
                  | Will++ Stlth-}
 62046 | Vaults:5 | Identified the amulet "Ridwesche" {Regen+ Dex+3 SInv}
 62047 | Vaults:5 | Killed an ancient lich
 62048 | Vaults:5 | Reached XP level 25. HP: 101/202 MP: 0/49
 62049 | Vaults:5 | Noticed Gadrel's illusion
 62245 | Vaults:5 | Noticed Gadrel's illusion
 62247 | Vaults:5 | Killed Mara
 62251 | Vaults:5 | Reached skill level 14 in Dodging
 62263 | Vaults:5 | Identified the +2 morningstar of Gefaim {heavy, rPois
                  | rCorr}
 62477 | Vaults:5 | Identified the +7 spear "Newt's Bane" {flame, rPois rC+
                  | Str-5 Int+5}
 62841 | Vaults:5 | Identified the +0 hand axe "Hiefe" {flame, rC+}
 62860 | Vaults:5 | Identified the +0 crystal plate armour of the Eye-covered
                  | God {rElec rN+ Str+4 Dex+3}
 62906 | Vaults:5 | Found the +3 pair of mountain boots {steadfast, rC+}
 62917 | Vaults:5 | Got a silver rune of Zot
 62924 | Vaults:5 | Got the Grimoire of Congregated Tephra
 63049 | Vaults:5 | Identified the +7 shortbow of Callousness {antimagic, Str+2
                  | Stlth+}
 63269 | Vaults:5 | Reached skill level 11 in Necromancy
 63336 | Vaults:5 | Acquired 887 gold pieces
 63633 | Slime:1  | Entered Level 1 of the Pits of Slime
 63635 | Slime:1  | Reached skill level 13 in Fighting
 63638 | Slime:1  | Gained mutation: You occasionally lose the ability to drink
                  | potions when taking damage. [a shining eye]
 64850 | Slime:3  | Reached skill level 12 in Necromancy
 65066 | Slime:3  | Reached skill level 14 in Fighting
 65715 | Slime:4  | Learned a level 9 spell: Fire Storm
 66312 | Slime:5  | Entered Level 5 of the Pits of Slime
 66312 | Slime:5  | Found the Charlatan's Orb {orb Evoboost}
 66339 | Slime:5  | Noticed the Royal Jelly
 66442 | Slime:5  | Found the +7 sceptre of Torment {pain, torment}
 66454 | Slime:5  | Killed the Royal Jelly
 66709 | Slime:5  | Reached skill level 6 in Fire Magic
 66765 | Slime:5  | Reached skill level 19 in Spellcasting
 66889 | Slime:5  | Identified the staff "Ulael" {rF++ rN+ Necro}
 66897 | Slime:5  | Identified the staff of Kuits {rPois rF+ rC- Str+5 Alchemy}
 67044 | Slime:5  | Identified the +12 scimitar "Reugimee" {holy, rPois rC+
                  | Str+5}
 67051 | Slime:5  | Got a slimy rune of Zot
 67406 | Slime:5  | Lost mutation: You occasionally lose the ability to drink
                  | potions when taking damage. [potion of mutation]
 67406 | Slime:5  | Lost mutation: You have a pair of small horns on your head.
                  | [potion of mutation]
 67406 | Slime:5  | Lost mutation: You have an increased reservoir of magic.
                  | (+10% MP) [potion of mutation]
 67406 | Slime:5  | Gained mutation: Your spells are a little harder to cast,
                  | but a little more powerful. [potion of mutation]
 67406 | Slime:5  | Gained mutation: You have very sharp teeth. [potion of
                  | mutation]
 67746 | Elf:3    | Bought a potion of brilliance for 52 gold pieces
 68144 | Zot:1    | Entered Level 1 of the Realm of Zot
 68210 | Zot:1    | Reached skill level 7 in Fire Magic
 68375 | Zot:1    | Reached XP level 26. HP: 178/217 MP: 15/46
 68595 | Zot:1    | Reached skill level 8 in Fire Magic
 68669 | Zot:1    | Reached skill level 20 in Spellcasting
 69597 | Zot:2    | Reached skill level 9 in Fire Magic
 70453 | Zot:2    | Found a shimmering blue altar of Sif Muna.
 71173 | Zot:3    | Noticed Vv
 71173 | Zot:3    | Found the +4 dragonskin cloak {Aegis}
 71173 | Zot:3    | Noticed Tiamat
 71175 | Zot:3    | Reached skill level 21 in Spellcasting
 71175 | Zot:3    | Reached skill level 10 in Fire Magic
 71175 | Zot:3    | Killed Vv
 71340 | Zot:3    | Reached skill level 11 in Fire Magic
 71605 | Zot:3    | Reached skill level 12 in Fire Magic
 71695 | Zot:3    | Identified the ring "Ottaxta" {Ice *Corrode Str+4 Int+2}
 71695 | Zot:3    | Noticed Josephina
 71696 | Zot:3    | Killed Josephina
 71989 | Zot:3    | Reached skill level 13 in Fire Magic
 72400 | Zot:3    | Reached skill level 14 in Fire Magic
 72412 | Zot:3    | Noticed Kinwaexu's ghost (veteran OnBe)
 72420 | Zot:3    | Killed Kinwaexu's ghost
 72495 | Zot:3    | Identified the +1 cloak of the Fiddle {Fly rElec rF-
                  | Slay+5}
 72577 | Zot:3    | Reached XP level 27. HP: 195/224 MP: 34/48
 72607 | Zot:3    | Killed Tiamat
 73062 | Zot:3    | Reached skill level 15 in Fire Magic
 73655 | Zot:3    | Found a runed translucent gate.
 73656 | Zot:3    | Found a runed translucent gate.
 73657 | Zot:3    | Found a runed translucent gate.
 74001 | Zot:3    | Reached skill level 16 in Fire Magic
 74409 | Zot:4    | Identified the +5 great sword of Riding Misery {heavy,
                  | rElec Dex+4}
 74410 | Zot:4    | Identified the +1 rapier of Subjectivity {venom, rPois
                  | Dex+2 Stlth+}
 74787 | Zot:4    | Reached skill level 17 in Fire Magic
 75149 | Zot:4    | Noticed an orb of fire
 75153 | Zot:4    | Killed an orb of fire
 75821 | Zot:4    | Reached skill level 18 in Fire Magic
 76254 | Zot:5    | Entered Level 5 of the Realm of Zot
 76255 | Zot:5    | Noticed an ancient lich
 76648 | Zot:5    | Reached skill level 19 in Fire Magic
 76762 | Zot:5    | Noticed a dread lich
 76764 | Zot:5    | Noticed a dread lich
 76765 | Zot:5    | Killed a dread lich
 76765 | Zot:5    | Killed a dread lich
 76954 | Zot:5    | Noticed an orb of fire
 76961 | Zot:5    | Killed an orb of fire
 77199 | Zot:5    | Reached skill level 20 in Fire Magic
 77199 | Zot:5    | Killed an ancient lich
 77319 | Zot:5    | Noticed a dread lich
 77321 | Zot:5    | Killed a dread lich
 77371 | Zot:5    | Noticed an ancient lich
 77376 | Zot:5    | Killed an ancient lich
 77576 | Zot:5    | Noticed a dread lich
 77577 | Zot:5    | Killed a dread lich
 77593 | Zot:5    | Noticed an orb of fire
 77597 | Zot:5    | Killed an orb of fire
 77698 | Zot:5    | Noticed an orb of fire
 77704 | Zot:5    | Killed an orb of fire
 77833 | Zot:5    | Noticed a dread lich
 77838 | Zot:5    | Killed a dread lich
 77944 | Zot:5    | Identified the +4 great mace of Blood-Lust {vamp, rN+ MP+9
                  | Dex+3}
 78046 | Zot:5    | Reached skill level 21 in Conjurations
 78046 | Zot:5    | Reached skill level 21 in Fire Magic
 78472 | Zot:5    | Got the Orb of Zot
 78531 | Zot:5    | Noticed Durraps the pandemonium lord
 78712 | Depths:1 | Noticed Wipoh the pandemonium lord
 78714 | Depths:1 | Killed Wipoh the pandemonium lord
 78798 | D:13     | Gained mutation: You are frail. (-10% HP) [a cacodemon]
 79039 | D:$      | Escaped with the Orb!

Illustrated notes

Levels and vault maps discovered:
D:1:      minmay_arrival_open_corners, layout_basic,
          chequers_ecumenical_altar_grove, dreamdust_princess_bridge
D:2:      layout_rooms, minivault_26, minmay_indecisive_spiral
D:3:      minmay_razor_zed, layout_basic, nicolae_overflow_macrodata_refinement,
          grunt_temple_overflow_open
D:4:      layout_basic
D:5:      layout_loops_ring
D:6:      layout_rooms, mainiacjoe_overflow_six_doors_small,
          minmay_temple_entry_wispy, serial_shops, nicolae_shop_tiny_glass,
          roderic_malta_cross, hangedman_decor_riveting, uniq_sigmund
D:7:      layout_loops_ring, chequers_garden, chequers_serial_rivers_room_b,
          chequers_avenue, hangedman_abyss_or_decor_lesser_grid
D:8:      minmay_the_grid_square_5x5_3x3
          [minmay_the_grid_square_5x5_pentomino_r,
          minmay_the_grid_square_5x5_six,
          minmay_the_grid_square_5x5_three_walls,
          minmay_the_grid_square_5x5_meh,
          minmay_the_grid_square_5x5_megaprize_hollow,
          minmay_the_grid_square_5x5_half_checkered,
          minmay_the_grid_square_5x5_comb, minmay_the_grid_square_5x5_tri_point,
          minmay_the_grid_square_5x5_sharp_hourglass], layout_basic,
          minivault_21, uniq_psyche
D:9:      layout_gridville, david_orc_3
D:10:     layout_roguey, david_lair_generic, chequers_serial_rivers_micro_c,
          uniq_sonja
D:11:     layout_rooms
D:12:     minmay_connected_triangles_in_corner, layout_rooms,
          onia_ninara_cookie, uniq_kirke
D:13:     bobbens_index_wilting_gardens, layout_gridville, david_vaults_1,
          nicolae_trove_entry_free_sample, bh_walls_and_bars, uniq_frances,
          uniq_nessos
D:14:     layout_irregular_city, okawaru_trees_2,
          onia_ninara_dug_in_and_dangerous, uniq_rupert
D:15:     grunt_enter_depths_giant_problem, layout_cave_pools, serial_shops,
          shop
Lair:1:   layout_roguey, chequers_serial_rivers_micro_a
Lair:2:   layout_roguey, minmay_swamp_entry_worms, basic_altar,
          grunt_megastairs_4, serial_bayou_shore_a, serial_bayou_shore_b
Lair:3:   layout_cave_shapes, nicolae_snake_entry_warm_welcome,
          gammafunk_ghost_wrathful_warriors
Lair:4:   layout_cave_pods, basic_altar, minmay_hedge_maze
Lair:5:   cheibrodos_lair_end_hotspot, layout_cave_pods, slime_entry_2,
          special_room [special_room_bee], serial_bayou_shore_b
Swamp:1:  layout_falls_marsh, infiniplex_staircase_pool_2, swamp_pool_3
Swamp:2:  layout_basic_swamp, evilmike_swamp_ruin_rubble_2, swamp_pool_3
Swamp:3:  layout_basic_swamp, hangedman_swamp_ruin_hall,
          nicolae_swamp_soggy_hallways
Swamp:4:  swamp_vile, layout_basic_swamp, portal_ice_cave_entry_ugly_swarm,
          swamp_pool_5, nicolae_swamp_bloodsuckers_inc
Snake:1:  layout_grid_shapes, grunt_megastairs_3, lemuel_fruit_tree,
          minmay_shop_grove, serial_bayou_shore_b
Snake:2:  layout_grid_maze, uniq_roxanne, uniq_aizul, uniq_donald
Snake:3:  layout_chambers, nicolae_integral_box
Snake:4:  grunt_snake_rune_pools, layout_chambers, basic_altar
Slime:1:  layout_caves
Slime:2:  layout_caves
Slime:3:  layout_caves
Slime:4:  layout_caves
Slime:5:  slime_pit_nicolae_jellycorners
Orc:1:    layout_caves
Orc:2:    st_orc_mages, layout_diamond_mine, basic_altar, serial_shops,
          nicolae_shop_advertising_works [nicolae_subvault_shop_adworks],
          mines1_david, uniq_urug
Elf:1:    nicolae_elf_arrival_aired_out, layout_gridlike,
          regret_index_elf_centigrade, serial_sigils_hangedman_quiver,
          corner_web_ring, nicolae_shop_gadgets
Elf:2:    elven_hall_of_blades_hangedman_original [nicolae_blade_lattice],
          layout_gridlike, ploomutoo_gammafunk_ghost_potion_laboratory
Elf:3:    grunt_elf_hall_asides, layout_gridlike, serial_shops, shop, shop,
          shop, shop, nicolae_shop_bloodbath_and_beyond
Vaults:1: nicolae_vaults_stairing_the_circle,
          nicolae_vaults_doubleplus_tesselated,
          nicolae_vaults_closet_pinwheel_2, v_alt_pattern_5, v_misc_14,
          ontoclasm_vaults_chip, nicolae_vaults_sightless_eye,
          hangedman_vaults_corner_blocks, nicolae_vaults_double_plus_1,
          layout_vaults_quadrants, uniq_saint_roka
Vaults:2: nicolae_vaults_ring_of_whatevers, lemuel_angel_altar,
          vaults_room_stairs_pillars, nicolae_vaults_network_s,
          hangedman_vaults_stitches, nicolae_vaults_tetromino_T_2,
          nicolae_vaults_yaktaur_gun_rack, v_misc_30, v_misc_30,
          nicolae_vaults_storage_room_doors,
          nicolae_vaults_surprise_closet_hard, hangedman_vaults_trim,
          layout_vaults_maze_bifur
Vaults:3: nicolae_vaults_diamond_2, dpeg_vaults_monster_box,
          vaults_standard_mumra_enter_the_diamond, ontoclasm_vaults_chip,
          minmay_crypt_entry_necro_gods, nicolae_vaults_alarming,
          nicolae_vaults_closet_pinwheel_4, nicolae_vaults_three_branches,
          serial_library_hellmonk_semicircle, v_misc_23,
          nicolae_vaults_ring_of_whatevers, nicolae_vaults_lightning_bolt,
          layout_vaults_big_cross
Vaults:4: v_misc_3, nicolae_vaults_puzzle_piece, nicolae_vaults_diamond_2,
          hangedman_vaults_snaps, nicolae_vaults_network_periphery,
          dpeg_vaults_monster_row, nicolae_vaults_oval_intersection,
          nicolae_vaults_octothorpe, nicolae_vaults_sesquioval_fish,
          hangedman_vaults_stretched_pinwheel, v_misc_22,
          nicolae_vaults_tetromino_L_2, nicolae_vaults_diamond_1,
          nicolae_vaults_little_squares_6, layout_vaults_ring
Vaults:5: uniq_mennas, uniq_mara
Crypt:1:  layout_misc_corridors, minmay_misc_feat_ornament,
          serial_library_hellmonk_double_dead_end,
          nicolae_crypt_more_like_crabt, grunt_crypt_arrival_guarded_gate
Crypt:2:  layout_misc_corridors, ebering_ghost_xom, minivault_23, uniq_sojobo,
          uniq_margery, uniq_frederick
Crypt:3:  church_of_pain_bobbens, layout_chaotic_city, tomb_entry_shell_bobbens,
          grunt_megastairs_1, uniq_zenata, uniq_boris
Depths:1: layout_long_grid, nicolae_hexahallways, hell_entry,
          nicolae_letterblocks [nicolae_letter_subblock,
          nicolae_letter_subblock, nicolae_letter_subblock,
          nicolae_letter_subblock, nicolae_letter_subblock,
          nicolae_letter_subblock, nicolae_letter_subblock,
          nicolae_letter_subblock, nicolae_letter_subblock,
          nicolae_letter_subblock, nicolae_letter_subblock,
          nicolae_letter_subblock, nicolae_letter_subblock,
          nicolae_letter_subblock, nicolae_letter_subblock,
          nicolae_letter_subblock, nicolae_letter_subblock,
          nicolae_letter_subblock, nicolae_letter_subblock,
          nicolae_letter_subblock, nicolae_letter_subblock,
          nicolae_letter_subblock, nicolae_letter_subblock,
          nicolae_letter_subblock, nicolae_letter_subblock]
Depths:2: minmay_box_of_curves, layout_cave_pools, nicolae_zig_zag_zippers,
          hell_entry, rand_demon_pan_entry_7, nicolae_tricolors
Depths:3: minmay_strange_plus, layout_gridville, grunt_pan_entry_in_and_out,
          grunt_hell_horde, abyss_entry, chequers_serial_rivers_micro_e,
          chequers_serial_rivers_small_b, infiniplex_staircase_split_hallway
Depths:4: evilmike_zot_entry_round, layout_cave_pools, enter_ziggurat_a,
          hell_entry, nicolae_kikubaaqudgha_miasma_corner
Zot:1:    layout_misc_corridors, zot_minivault_4,
          regret_index_zotdec_twisting_globes
Zot:2:    layout_onion_interference, basic_altar,
          regret_index_zotdec_decaying_vile, hangedman_zot_wheel_spokes
Zot:3:    kennysheep_room_grid, layout_misc_corridors,
          gammafunk_ghost_tricky_traps, uniq_tiamat, uniq_josephina, uniq_vv
Zot:4:    gammafunk_mikee_crab_dinner, layout_basic, regret_index_zotdec_plus,
          zot_minivault_5
Zot:5:    layout_basic

Skill      XL: |  1  2  3  4  5  6  7  8  9 10 11 12 13 14 15 16 17 18 19 20 21 22 23 24 25 26 27 |
---------------+----------------------------------------------------------------------------------+-----
Stealth        | 2 3 |  3.0
Fighting       | 1 2 3 4 5 6 8 10 12 14 | 14.0
Spellcasting   | 3 4 5 6 8 9 10 12 14 15 16 17 18 19 21 | 21.0
Summonings     | 5 6 8 10 | 10.0
Hexes          | 2 3 4 5 |  5.0
Evocations     | 1 5 |  5.0
Maces & Flails | 2 4 6 |  6.0
Air Magic      | 3 |  3.0
Conjurations   | 3 7 8 10 12 14 16 18 19 20 21 | 21.3
Alchemy        | 3 7 8 10 11 12 14 | 14.0
Translocations | 2 |  2.0
Earth Magic    | 6 11 12 15 17 20 22 23 24 26 27 | 27.0
Fire Magic     | 4 5 7 14 21 | 21.3
Dodging        | 4 9 11 13 14 | 14.0
Long Blades    | 6 11 12 | 12.0
Necromancy     | 7 10 12 | 12.0

Action                     |  1- 3 |  4- 6 |  7- 9 | 10-12 | 13-15 | 16-18 | 19-21 | 22-24 | 25-27 || total
---------------------------+-------+-------+-------+-------+-------+-------+-------+-------+-------++-------
  Melee: Dagger            |   181 |    75 |       |       |       |       |       |       |       ||   256
         Tailslap          |    27 |     8 |    15 |    58 |    97 |    49 |    83 |    45 |     8 ||   390
         Whip              |       |    47 |   166 |   387 |   553 |    40 |    27 |       |       ||  1220
         Staff             |       |       |       |       |     6 |       |       |     3 |     2 ||    11
         Rapier            |       |       |       |       |       |   204 |       |       |       ||   204
         Katana            |       |       |       |       |       |       |   407 |   278 |    35 ||   720
         Headbutt          |       |       |       |       |       |       |   120 |    54 |     4 ||   178
         Bite              |       |       |       |       |       |       |       |       |     4 ||     4
  Throw: Stone             |       |       |       |     1 |       |       |       |       |       ||     1
   Cast: Summon Small Mamm |    10 |     1 |       |     1 |       |       |       |       |       ||    12
         Call Imp          |     8 |     2 |     1 |     1 |       |       |       |       |       ||    12
         Call Canine Famil |     1 |     8 |    11 |    11 |     2 |       |       |       |       ||    33
         Summon Lightning  |       |       |     7 |    35 |    26 |       |     5 |       |       ||    73
         Irradiate         |       |       |       |    18 |    47 |    71 |    44 |    49 |    73 ||   302
         Lee's Rapid Decon |       |       |       |    44 |   270 |   163 |   271 |   270 |    15 ||  1033
         Inner Flame       |       |       |       |     1 |     6 |       |       |       |       ||     7
         Eringya's Noxious |       |       |       |       |    23 |   117 |    31 |     7 |     2 ||   180
         Yara's Violent Un |       |       |       |       |     2 |    26 |    31 |    19 |     6 ||    84
         Ignite Poison     |       |       |       |       |       |    24 |     9 |     2 |     1 ||    36
         Stone Arrow       |       |       |       |       |       |   116 |    68 |       |       ||   184
         Apportation       |       |       |       |       |       |       |    10 |       |       ||    10
         Lehudib's Crystal |       |       |       |       |       |       |    50 |   176 |   137 ||   363
         Sublimation of Bl |       |       |       |       |       |       |       |    22 |   280 ||   302
         Shatter           |       |       |       |       |       |       |       |    53 |   315 ||   368
 Invoke: Heavenly Storm    |       |       |       |       |       |       |       |     1 |       ||     1
Ability: Lunge             |    10 |    10 |     9 |    18 |    45 |     6 |    23 |    19 |     2 ||   142
         Whirlwind         |    13 |     1 |     2 |    13 |    39 |     8 |    10 |    11 |     2 ||    99
         Wall Jump         |       |     7 |    11 |     6 |       |       |       |       |       ||    24
         Mud Breath        |       |       |     4 |     3 |     4 |     3 |       |       |       ||    14
  Evoke: Wand              |       |       |     2 |     1 |       |     2 |       |       |       ||     5
         Gell's gravitambo |       |       |       |       |       |       |       |       |     1 ||     1
    Use: Scroll            |     5 |     6 |     1 |     6 |     8 |     4 |     3 |     6 |     8 ||    47
         Potion            |       |     2 |       |       |     5 |     1 |     7 |     4 |     7 ||    26
   Stab: Sleeping          |     8 |     5 |     1 |     4 |     3 |     1 |       |       |       ||    22
         Distracted        |     1 |     2 |     1 |     2 |     1 |       |       |     1 |       ||     8
 Armour: Skin              |   107 |    76 |    79 |   140 |   308 |   319 |   246 |   198 |   347 ||  1820
  Dodge: Dodged            |   103 |    53 |    53 |   180 |   389 |   402 |   309 |   174 |   405 ||  2068

Table legend: (Time is in decaauts)
 A = Elapsed time spent in this place.
 B = Non-inter-level travel time spent in this place.
 C = Inter-level travel time spent in this place.
 D = Time resting spent in this place.
 E = Time spent auto-exploring this place.
 F = Levels seen in this place.
 G = Mean time per level.
                   A        B        C        D        E       F      G
               +--------+--------+--------+--------+--------+-----+--------+
         Total |  78925 |  70952 |   7973 |   8286 |  50358 |  57 | 1384.6 |
       Dungeon |  17078 |  14485 |   2593 |    498 |  11158 |  15 | 1138.5 |
          Lair |   8656 |   7575 |   1081 |    747 |   5631 |   5 | 1731.2 |
         Swamp |   4033 |   3892 |    141 |    144 |   2876 |   4 | 1008.2 |
     Snake Pit |   7461 |   6154 |   1307 |    261 |   4878 |   4 | 1865.2 |
    Slime Pits |   3844 |   3642 |    202 |    981 |   2236 |   5 |  768.8 |
  Orcish Mines |   2419 |   2018 |    401 |    153 |   1372 |   2 | 1209.5 |
   Elven Halls |   4507 |   3944 |    563 |    392 |   2663 |   3 | 1502.3 |
        Vaults |   8200 |   7629 |    571 |    317 |   5940 |   5 | 1640.0 |
         Crypt |   5821 |   5710 |    111 |    368 |   4346 |   3 | 1940.3 |
        Depths |   6103 |   5534 |    569 |    893 |   3975 |   4 | 1525.8 |
           Zot |   9967 |   9538 |    429 |   3239 |   4976 |   5 | 1993.4 |
         Trove |     43 |     43 |      0 |      0 |      0 |   1 |   43.0 |
      Ice Cave |    788 |    788 |      0 |    291 |    306 |   1 |  788.0 |
               +--------+--------+--------+--------+--------+-----+--------+

Top non-repeatable levels by time:
 Crypt:3: 3120 daAuts
   Zot:2: 2940 daAuts
    D:13: 2907 daAuts
 Snake:4: 2261 daAuts
Vaults:1: 2191 daAuts
  Lair:5: 2050 daAuts
   Zot:5: 2050 daAuts
   Zot:3: 2026 daAuts
 Snake:1: 2026 daAuts
   Elf:2: 1904 daAuts
   Zot:4: 1865 daAuts
  Lair:4: 1862 daAuts
Depths:2: 1822 daAuts
Vaults:3: 1784 daAuts
 Snake:3: 1775 daAuts

Levels and vault maps discovered:
D:1:      minmay_arrival_open_corners, layout_basic,
          chequers_ecumenical_altar_grove, dreamdust_princess_bridge
D:2:      layout_rooms, minivault_26, minmay_indecisive_spiral
D:3:      minmay_razor_zed, layout_basic, nicolae_overflow_macrodata_refinement,
          grunt_temple_overflow_open
D:4:      layout_basic
D:5:      layout_loops_ring
D:6:      layout_rooms, mainiacjoe_overflow_six_doors_small,
          minmay_temple_entry_wispy, serial_shops, nicolae_shop_tiny_glass,
          roderic_malta_cross, hangedman_decor_riveting, uniq_sigmund
D:7:      layout_loops_ring, chequers_garden, chequers_serial_rivers_room_b,
          chequers_avenue, hangedman_abyss_or_decor_lesser_grid
D:8:      minmay_the_grid_square_5x5_3x3
          [minmay_the_grid_square_5x5_pentomino_r,
          minmay_the_grid_square_5x5_six,
          minmay_the_grid_square_5x5_three_walls,
          minmay_the_grid_square_5x5_meh,
          minmay_the_grid_square_5x5_megaprize_hollow,
          minmay_the_grid_square_5x5_half_checkered,
          minmay_the_grid_square_5x5_comb, minmay_the_grid_square_5x5_tri_point,
          minmay_the_grid_square_5x5_sharp_hourglass], layout_basic,
          minivault_21, uniq_psyche
D:9:      layout_gridville, david_orc_3
D:10:     layout_roguey, david_lair_generic, chequers_serial_rivers_micro_c,
          uniq_sonja
D:11:     layout_rooms
D:12:     minmay_connected_triangles_in_corner, layout_rooms,
          onia_ninara_cookie, uniq_kirke
D:13:     bobbens_index_wilting_gardens, layout_gridville, david_vaults_1,
          nicolae_trove_entry_free_sample, bh_walls_and_bars, uniq_frances,
          uniq_nessos
D:14:     layout_irregular_city, okawaru_trees_2,
          onia_ninara_dug_in_and_dangerous, uniq_rupert
D:15:     grunt_enter_depths_giant_problem, layout_cave_pools, serial_shops,
          shop
Lair:1:   layout_roguey, chequers_serial_rivers_micro_a
Lair:2:   layout_roguey, minmay_swamp_entry_worms, basic_altar,
          grunt_megastairs_4, serial_bayou_shore_a, serial_bayou_shore_b
Lair:3:   layout_cave_shapes, nicolae_snake_entry_warm_welcome,
          gammafunk_ghost_wrathful_warriors
Lair:4:   layout_cave_pods, basic_altar, minmay_hedge_maze
Lair:5:   cheibrodos_lair_end_hotspot, layout_cave_pods, slime_entry_2,
          special_room [special_room_bee], serial_bayou_shore_b
Swamp:1:  layout_falls_marsh, infiniplex_staircase_pool_2, swamp_pool_3
Swamp:2:  layout_basic_swamp, evilmike_swamp_ruin_rubble_2, swamp_pool_3
Swamp:3:  layout_basic_swamp, hangedman_swamp_ruin_hall,
          nicolae_swamp_soggy_hallways
Swamp:4:  swamp_vile, layout_basic_swamp, portal_ice_cave_entry_ugly_swarm,
          swamp_pool_5, nicolae_swamp_bloodsuckers_inc
Snake:1:  layout_grid_shapes, grunt_megastairs_3, lemuel_fruit_tree,
          minmay_shop_grove, serial_bayou_shore_b
Snake:2:  layout_grid_maze, uniq_roxanne, uniq_aizul, uniq_donald
Snake:3:  layout_chambers, nicolae_integral_box
Snake:4:  grunt_snake_rune_pools, layout_chambers, basic_altar
Slime:1:  layout_caves
Slime:2:  layout_caves
Slime:3:  layout_caves
Slime:4:  layout_caves
Slime:5:  slime_pit_nicolae_jellycorners
Orc:1:    layout_caves
Orc:2:    st_orc_mages, layout_diamond_mine, basic_altar, serial_shops,
          nicolae_shop_advertising_works [nicolae_subvault_shop_adworks],
          mines1_david, uniq_urug
Elf:1:    nicolae_elf_arrival_aired_out, layout_gridlike,
          regret_index_elf_centigrade, serial_sigils_hangedman_quiver,
          corner_web_ring, nicolae_shop_gadgets
Elf:2:    elven_hall_of_blades_hangedman_original [nicolae_blade_lattice],
          layout_gridlike, ploomutoo_gammafunk_ghost_potion_laboratory
Elf:3:    grunt_elf_hall_asides, layout_gridlike, serial_shops, shop, shop,
          shop, shop, nicolae_shop_bloodbath_and_beyond
Vaults:1: nicolae_vaults_stairing_the_circle,
          nicolae_vaults_doubleplus_tesselated,
          nicolae_vaults_closet_pinwheel_2, v_alt_pattern_5, v_misc_14,
          ontoclasm_vaults_chip, nicolae_vaults_sightless_eye,
          hangedman_vaults_corner_blocks, nicolae_vaults_double_plus_1,
          layout_vaults_quadrants, uniq_saint_roka
Vaults:2: nicolae_vaults_ring_of_whatevers, lemuel_angel_altar,
          vaults_room_stairs_pillars, nicolae_vaults_network_s,
          hangedman_vaults_stitches, nicolae_vaults_tetromino_T_2,
          nicolae_vaults_yaktaur_gun_rack, v_misc_30, v_misc_30,
          nicolae_vaults_storage_room_doors,
          nicolae_vaults_surprise_closet_hard, hangedman_vaults_trim,
          layout_vaults_maze_bifur
Vaults:3: nicolae_vaults_diamond_2, dpeg_vaults_monster_box,
          vaults_standard_mumra_enter_the_diamond, ontoclasm_vaults_chip,
          minmay_crypt_entry_necro_gods, nicolae_vaults_alarming,
          nicolae_vaults_closet_pinwheel_4, nicolae_vaults_three_branches,
          serial_library_hellmonk_semicircle, v_misc_23,
          nicolae_vaults_ring_of_whatevers, nicolae_vaults_lightning_bolt,
          layout_vaults_big_cross
Vaults:4: v_misc_3, nicolae_vaults_puzzle_piece, nicolae_vaults_diamond_2,
          hangedman_vaults_snaps, nicolae_vaults_network_periphery,
          dpeg_vaults_monster_row, nicolae_vaults_oval_intersection,
          nicolae_vaults_octothorpe, nicolae_vaults_sesquioval_fish,
          hangedman_vaults_stretched_pinwheel, v_misc_22,
          nicolae_vaults_tetromino_L_2, nicolae_vaults_diamond_1,
          nicolae_vaults_little_squares_6, layout_vaults_ring
Vaults:5: uniq_mennas, uniq_mara
Crypt:1:  layout_misc_corridors, minmay_misc_feat_ornament,
          serial_library_hellmonk_double_dead_end,
          nicolae_crypt_more_like_crabt, grunt_crypt_arrival_guarded_gate
Crypt:2:  layout_misc_corridors, ebering_ghost_xom, minivault_23, uniq_sojobo,
          uniq_margery, uniq_frederick
Crypt:3:  church_of_pain_bobbens, layout_chaotic_city, tomb_entry_shell_bobbens,
          grunt_megastairs_1, uniq_zenata, uniq_boris
Depths:1: layout_long_grid, nicolae_hexahallways, hell_entry,
          nicolae_letterblocks [nicolae_letter_subblock,
          nicolae_letter_subblock, nicolae_letter_subblock,
          nicolae_letter_subblock, nicolae_letter_subblock,
          nicolae_letter_subblock, nicolae_letter_subblock,
          nicolae_letter_subblock, nicolae_letter_subblock,
          nicolae_letter_subblock, nicolae_letter_subblock,
          nicolae_letter_subblock, nicolae_letter_subblock,
          nicolae_letter_subblock, nicolae_letter_subblock,
          nicolae_letter_subblock, nicolae_letter_subblock,
          nicolae_letter_subblock, nicolae_letter_subblock,
          nicolae_letter_subblock, nicolae_letter_subblock,
          nicolae_letter_subblock, nicolae_letter_subblock,
          nicolae_letter_subblock, nicolae_letter_subblock]
Depths:2: minmay_box_of_curves, layout_cave_pools, nicolae_zig_zag_zippers,
          hell_entry, rand_demon_pan_entry_7, nicolae_tricolors
Depths:3: minmay_strange_plus, layout_gridville, grunt_pan_entry_in_and_out,
          grunt_hell_horde, abyss_entry, chequers_serial_rivers_micro_e,
          chequers_serial_rivers_small_b, infiniplex_staircase_split_hallway
Depths:4: evilmike_zot_entry_round, layout_cave_pools, enter_ziggurat_a,
          hell_entry, nicolae_kikubaaqudgha_miasma_corner
Zot:1:    layout_misc_corridors, zot_minivault_4,
          regret_index_zotdec_twisting_globes
Zot:2:    layout_onion_interference, basic_altar,
          regret_index_zotdec_decaying_vile, hangedman_zot_wheel_spokes
Zot:3:    kennysheep_room_grid, layout_misc_corridors,
          gammafunk_ghost_tricky_traps, uniq_tiamat, uniq_josephina, uniq_vv
Zot:4:    gammafunk_mikee_crab_dinner, layout_basic, regret_index_zotdec_plus,
          zot_minivault_5
Zot:5:    layout_basic

Table legend: (Time is in decaauts)
 A = Elapsed time spent in this place.
 B = Non-inter-level travel time spent in this place.
 C = Inter-level travel time spent in this place.
 D = Time resting spent in this place.
 E = Time spent auto-exploring this place.
 F = Levels seen in this place.
 G = Mean time per level.
                   A        B        C        D        E       F      G
               +--------+--------+--------+--------+--------+-----+--------+
         Total |  78925 |  70952 |   7973 |   8286 |  50358 |  57 | 1384.6 |
       Dungeon |  17078 |  14485 |   2593 |    498 |  11158 |  15 | 1138.5 |
          Lair |   8656 |   7575 |   1081 |    747 |   5631 |   5 | 1731.2 |
         Swamp |   4033 |   3892 |    141 |    144 |   2876 |   4 | 1008.2 |
     Snake Pit |   7461 |   6154 |   1307 |    261 |   4878 |   4 | 1865.2 |
    Slime Pits |   3844 |   3642 |    202 |    981 |   2236 |   5 |  768.8 |
  Orcish Mines |   2419 |   2018 |    401 |    153 |   1372 |   2 | 1209.5 |
   Elven Halls |   4507 |   3944 |    563 |    392 |   2663 |   3 | 1502.3 |
        Vaults |   8200 |   7629 |    571 |    317 |   5940 |   5 | 1640.0 |
         Crypt |   5821 |   5710 |    111 |    368 |   4346 |   3 | 1940.3 |
        Depths |   6103 |   5534 |    569 |    893 |   3975 |   4 | 1525.8 |
           Zot |   9967 |   9538 |    429 |   3239 |   4976 |   5 | 1993.4 |
         Trove |     43 |     43 |      0 |      0 |      0 |   1 |   43.0 |
      Ice Cave |    788 |    788 |      0 |    291 |    306 |   1 |  788.0 |
               +--------+--------+--------+--------+--------+-----+--------+

Top non-repeatable levels by time:
 Crypt:3: 3120 daAuts
   Zot:2: 2940 daAuts
    D:13: 2907 daAuts
 Snake:4: 2261 daAuts
Vaults:1: 2191 daAuts
  Lair:5: 2050 daAuts
   Zot:5: 2050 daAuts
   Zot:3: 2026 daAuts
 Snake:1: 2026 daAuts
   Elf:2: 1904 daAuts
   Zot:4: 1865 daAuts
  Lair:4: 1862 daAuts
Depths:2: 1822 daAuts
Vaults:3: 1784 daAuts
 Snake:3: 1775 daAuts

Table legend:
 A = Kills in this place as a percentage of kills in the entire game.
 B = Kills by you in this place as a percentage of kills by you in the entire game.
 C = Kills by friends in this place as a percentage of kills by friends in the entire game.
 D = Other kills in this place as a percentage of other kills in the entire game.
 E = Experience gained in this place as a percentage of experience gained in the entire game.
 F = Experience gained in this place divided by the number of levels of this place that you have seen.
                   A       B       C       D       E      F
               +-------+-------+-------+-------+-------+----------------------
         Total | 100.0 | 100.0 | 100.0 | 100.0 | 100.0 | 31056.2
       Dungeon |  16.6 |  14.5 |  62.9 |  33.3 |   6.6 | 7840.3
          Lair |   8.7 |   8.0 |  22.4 |   0.0 |   3.4 | 12116.4
         Swamp |   5.8 |   6.0 |   0.0 |  33.3 |   5.0 | 21961.0
     Snake Pit |   6.8 |   7.1 |   0.0 |   0.0 |   5.8 | 25621.8
    Slime Pits |   6.7 |   7.0 |   0.0 |   0.0 |   5.0 | 17724.6
  Orcish Mines |   3.4 |   3.0 |  11.2 |   0.0 |   0.8 | 6952.0
   Elven Halls |   6.7 |   6.9 |   1.7 |   0.0 |   7.5 | 44427.7
        Vaults |  16.3 |  17.1 |   0.0 |   0.0 |  20.8 | 73478.6
         Crypt |   9.4 |   9.9 |   0.0 |   0.0 |   8.4 | 49542.0
        Depths |   6.8 |   7.2 |   0.0 |   0.0 |  10.0 | 44119.2
           Zot |  11.9 |  12.4 |   0.0 |  33.3 |  26.1 | 92246.0
      Ice Cave |   1.0 |   1.0 |   1.7 |   0.0 |   0.7 | 12148.0
               +-------+-------+-------+-------+-------+----------------------
